 Dungeon Crawl Stone Soup version 0.29.1-1-gd02db6906a (webtiles) character file.

Game seed: 9858730132788014381

1879075 sleeves the Petrodigitator (level 27, 223/223 HPs)
             Began as a Naga Hedge Wizard on Sept 21, 2022.
             Was a High Priest of Hepliaklqana.
             Escaped with the Orb
             ... and 4 runes!
             The game lasted 07:39:39 (108193 turns).

sleeves the Petrodigitator (Naga Hedge Wizard)    Turns: 108193, Time: 07:39:39

Health: 223/223    AC: 33    Str: 19    XL:     27
Magic:  47/47      EV: 11    Int: 22    God:    Hepliaklqana [*****.]
Gold:   5833       SH: 37    Dex: 21    Spells: 29/66 levels left

rFire   + + .      SeeInvis +   b - staff of conjuration
rCold   + + .      Faith    .   H - +8 tower shield
rNeg    + + +      Spirit   .   I - +1 robe of the Known World {+Inv rF++ rN+ Int-2}
rPois   +          Reflect  +   c - +2 helmet
rElec   +          Harm     .   W - +4 dragonskin cloak
rCorr   +          Rampage  .   B - +2 pair of gloves {Stlth+}
Will    ++++.                   e - +1 barding "Vebib" {rN+}
Stlth   +++.......              V - amulet "Penay" {Reflect Fly rN++ Int-2 SH+5}
HPRegen 0.47/turn               C - ring "Cylihec" {Drain rElec EV+4 Dex+8}
MPRegen 0.30/turn               w - ring "Ygit" {rC++ Will+ rCorr Str+6}

@: flying, studying Armour, very slow
A: reduced essence, AC +9, large, see invisible, deformed body, poison
resistance, slowness 2, spit poison 1, naga tail 2, stinger 1, iridescent scales
1
0: Orb of Zot
}: 4/15 runes: barnacled, slimy, silver, gossamer
a: Spit Poison, Renounce Religion, Evoke Invisibility, Recall Ancestor, Ancestor
Identity, Transference, Idealise


You escaped.
You worshipped Hepliaklqana.
Hepliaklqana was extremely pleased with you.
You visited 14 branches of the dungeon, and saw 58 of its levels.
You visited the Abyss 1 time.
You visited 1 bazaar.
You also visited: Sewer, Bailey, Wizlab and Desolation.

You collected 10068 gold pieces.
You spent 4235 gold pieces at shops.

Inventory:

Hand Weapons
 a - the +10 dagger of Mastery {speed, rF+ rC+ Int+2}
   (You took it off a deep elf sorcerer on level 3 of the Elven Halls)

   Attacks with this weapon are significantly faster.
   Int:       It affects your intelligence (+2).
   rF:        It protects you from fire.
   rC:        It protects you from cold.
 X - the +8 arc blade {discharge, rElec}
   (You found it on level 5 of the Vaults)

   It occasionally unleashes powerful arcs of lightning upon striking a foe.
   These may arc to other adjacent creatures (including the wielder, but dealing
   reduced damage to them) before grounding out.
   rElec:     It insulates you from electricity.
Armour
 c - a +2 helmet (worn)
   (You found it on level 2 of the Lair of Beasts)
 e - the +1 barding "Vebib" (worn) {rN+}
   (You acquired it on level 9 of the Dungeon)

   rN:        It protects you from negative energy.
 s - a +2 cloak of willpower
   (You found it on level 3 of the Spider Nest)
 B - a +2 pair of gloves of stealth (worn)
   (You found it on level 4 of the Shoals)
 H - a +8 tower shield (worn)
   (You took it off a vault guard on level 3 of the Vaults)
 I - the +1 robe of the Known World (worn) {+Inv rF++ rN+ Int-2}
   (You bought it in a shop on level 14 of the Dungeon)

   Int:       It affects your intelligence (-2).
   rF:        It greatly protects you from fire.
   rN:        It protects you from negative energy.
   +Inv:      It lets you turn invisible.
 W - the +4 dragonskin cloak (worn)
   (You took it off Tiamat on level 2 of the Realm of Zot)

   It grants the wearer a chance to resist fire, cold, poison, electricity,
   acid, and negative energy.
Magical Staves
 b - a staff of conjuration (weapon)
   (You found it on level 4 of the Shoals)
 D - a staff of earth
   (You found it on level 11 of the Dungeon)
Jewellery
 w - the ring "Ygit" (right hand) {rC++ Will+ rCorr Str+6}
   (You bought it in a shop in a bazaar)

   [ring of strength]

   Str:       It affects your strength (+6).
   rC:        It greatly protects you from cold.
   rCorr:     It protects you from acid and corrosion.
   Will:      It increases your willpower.
 C - the ring "Cylihec" (left hand) {Drain rElec EV+4 Dex+8}
   (You bought it in a shop in a bazaar)

   [ring of evasion]

   EV:        It affects your evasion (+4).
   Dex:       It affects your dexterity (+8).
   rElec:     It insulates you from electricity.
   Drain:     It drains your maximum health when unequipped.
 V - the amulet "Penay" (around neck) {Reflect Fly rN++ Int-2 SH+5}
   (You took it off a vault guard on level 5 of the Vaults)

   [amulet of reflection]

   It reflects blocked missile attacks.
   Int:       It affects your intelligence (-2).
   rN:        It greatly protects you from negative energy.
   Fly:       It grants you flight.
   SH:        It affects your SH (+5).
 Y - a ring of wizardry
   (You found it on level 15 of the Dungeon)
Wands
 G - a wand of roots (38)
   (You found it on level 3 of the Spider Nest)
 M - a wand of digging (20)
   (You found it on level 10 of the Dungeon)
 S - a wand of acid (4)
   (You found it on level 3 of the Lair of Beasts)
 T - a wand of mindburst (6)
   (You found it on level 2 of the Crypt)
Scrolls
 h - 5 scrolls of blinking
 k - 8 scrolls of magic mapping
 l - 3 scrolls of amnesia
 q - 5 scrolls of teleportation
 r - 8 scrolls of vulnerability
 u - 3 scrolls of brand weapon
 v - 4 scrolls of torment
 x - 9 scrolls of butterflies
 y - a scroll of summoning
 z - 4 scrolls of enchant armour
 A - 2 scrolls of silence
 J - 12 scrolls of poison
 K - 12 scrolls of enchant weapon
 L - a scroll of acquirement
 P - 6 scrolls of immolation
 U - 9 scrolls of fear
Potions
 d - 4 potions of magic
 g - 9 potions of mutation
 i - 9 potions of lignification
 j - 14 potions of heal wounds
 m - 10 potions of ambrosia
 n - 9 potions of attraction
 o - 3 potions of haste
 p - 29 potions of curing
 t - 11 potions of flight
 E - 2 potions of resistance
 F - 2 potions of berserk rage
 R - 5 potions of brilliance
 Z - 7 potions of might
Miscellaneous
 f - a phantom mirror
   (You found it in the Desolation of Salt)
 O - a lightning rod (4/4)
   (You found it on level 4 of the Depths)


   Skills:
 - Level 15.0 Fighting
 - Level 6.0 Short Blades
 - Level 12.0 Armour
 - Level 1.5 Dodging
 - Level 20.0 Stealth
 + Level 22.4 Shields
 - Level 20.0 Spellcasting
 - Level 21.0 Conjurations
 - Level 1.0 Summonings
 - Level 13.0 Translocations
 O Level 27 Earth Magic
 - Level 5.0 Poison Magic
 - Level 10.0 Invocations


You had 29 spell levels left.
You knew the following spells:

 Your Spells              Type           Power      Damage    Failure   Level
a - Lehudib's Crystal Sp  Conj/Erth      56%        10d13     1%          8
c - Mephitic Cloud        Conj/Pois/Air  74%        N/A       1%          3
d - Shatter               Erth           48%        3d37*     4%          9
f - Stone Arrow           Conj/Erth      100%       3d13      0%          3
g - Iron Shot             Conj/Erth      56%        9d11      1%          6
i - Dispersal             Tloc           34%        N/A       2%          6
l - Blink                 Tloc           100%       N/A       1%          2

Your spell library contained the following spells:

 Spells                   Type           Power      Damage    Failure   Level
 Apportation              Tloc           100%       N/A       0%          1
 Magic Dart               Conj           100%       1d8       0%          1
 Sandblast                Erth           100%       2d20      0%          1
 Lee's Rapid Deconstruct  Erth           48%        3d24*     0%          5
 Foxfire                  Conj/Fire      100%       2x1d9     1%          1
 Shock                    Conj/Air       100%       1d9       1%          1
 Sting                    Tmut/Pois      100%       1d8       1%          1
 Summon Small Mammal      Summ           100%       N/A       1%          1
 Passwall                 Tmut/Erth      57%        N/A       1%          2
 Poisonous Vapours        Pois/Air       66%        N/A       1%          2
 Static Discharge         Conj/Air       80%        3-13/arc  1%          2
 Conjure Flame            Conj/Fire      80%        6-21      1%          3
 Dazzling Flash           Conj/Hex       100%       N/A       1%          3
 Gell's Gravitas          Tloc           68%        N/A       1%          3
 Lesser Beckoning         Tloc           68%        N/A       1%          3
 Portal Projectile        Hex/Tloc       100%       N/A       1%          3
 Teleport Other           Tloc           68%        N/A       1%          3
 Animate Armour           Summ/Erth      100%       N/A       1%          4
 Flame Wave               Conj/Fire      80%        2d17      1%          4
 Hailstorm                Conj/Ice       80%        3d16      1%          4
 Iskenderun's Mystic Bla  Conj/Tloc      98%        2d19      1%          4
 Leda's Liquefaction      Hex/Erth       34%        N/A       1%          4
 Petrify                  Tmut/Erth      69%        N/A       1%          4
 Borgnjor's Vile Clutch   Necr/Erth      34%        N/A       1%          5
 Fireball                 Conj/Fire      40%        3d16      1%          5
 Irradiate                Conj/Tmut      40%        3d25      1%          5
 Lightning Bolt           Conj/Air       40%        1d59      1%          5
 Manifold Assault         Tloc           68%        N/A       1%          5
 Statue Form              Tmut/Erth      46%        N/A       1%          6
 Beastly Appendage        Tmut           44%        N/A       3%          1
 Freeze                   Ice            88%        1d10      3%          1
 Necrotise                Necr           88%        1d8       3%          1
 Slow                     Hex            88%        N/A       3%          1
 Call Imp                 Summ           26%        N/A       3%          2
 Spider Form              Tmut/Pois      33%        N/A       3%          3
 Ensorcelled Hibernation  Hex/Ice        44%        N/A       4%          2
 Scorch                   Fire           44%        2d7       4%          2
 Sublimation of Blood     Necr           22%        N/A       4%          2
 Wereblood                Tmut           22%        N/A       4%          2
 Freezing Cloud           Conj/Ice/Air   34%        6-21      4%          5
 Summon Forest            Summ/Tloc      26%        N/A       4%          5
 Call Canine Familiar     Summ           26%        N/A       6%          3
 Starburst                Conj/Fire      40%        6d11      6%          6
 Confusing Touch          Hex            22%        N/A       10%         3
 Frozen Ramparts          Ice            44%        1d7       10%         3
 Inner Flame              Hex/Fire       22%        N/A       10%         3
 Ozocubu's Armour         Ice            22%        N/A       10%         3
 Swiftness                Air            22%        N/A       10%         3
 Tukima's Dance           Hex            22%        N/A       10%         3
 Corpse Rot               Necr/Pois/Air  29%        N/A       16%         4
 Summon Ice Beast         Ice/Summ       24%        N/A       26%         4
 Summon Lightning Spire   Summ/Air       24%        N/A       26%         4
 Airstrike                Air            11%        2d(2-18)  30%         4
 Anguish                  Hex/Necr       11%        N/A       30%         4
 Animate Dead             Necr           22%        N/A       30%         4
 Dispel Undead            Necr           22%        3d12      30%         4
 Ice Form                 Ice/Tmut       22%        N/A       30%         4
 Alistair's Intoxication  Tmut/Pois      22%        N/A       30%         5
 Summon Mana Viper        Hex/Summ       24%        N/A       56%         5
 Agony                    Necr           22%        N/A       65%         5
 Blade Hands              Tmut           11%        N/A       65%         5
 Metabolic Englaciation   Hex/Ice        11%        N/A       65%         5
 Silence                  Hex/Air        11%        N/A       65%         5
 Yara's Violent Unravell  Hex/Tmut       11%        3d6       65%         5
 Eringya's Noxious Bog    Tmut/Pois      16%        N/A       86%         6
 Summon Cactus Giant      Summ           13%        N/A       97%         6
 Death Channel            Necr           11%        N/A       99%         6
 Simulacrum               Ice/Necr       11%        N/A       99%         6
 Enfeeble                 Hex            11%        N/A       100%        7
 Monstrous Menagerie      Summ           13%        N/A       100%        7
 Ozocubu's Refrigeration  Ice            11%        4d9       100%        7
 Summon Hydra             Summ           13%        N/A       100%        7
 Ignition                 Fire           11%        3d5       100%        8
 Infestation              Necr           11%        N/A       100%        8
 Maxwell's Capacitive Co  Air            11%        ∞         100%        8
 Necromutation            Tmut/Necr      11%        N/A       100%        8
 Death's Door             Necr           11%        N/A       100%        9


Dungeon Overview and Level Annotations

Branches:
Dungeon (15/15)            Temple (1/1) D:7            Lair (5/5) D:10
 Shoals (4/4) Lair:3       Spider (4/4) Lair:3        Slime (5/5) Lair:4
    Orc (2/2) D:11            Elf (3/3) Orc:2        Vaults (5/5) D:14
  Crypt (3/3) Vaults:3       Tomb (0/3) Crypt:3      Depths (4/4) D:15
   Hell (visited)             Dis (0/7) Hell            Geh (1/7) Hell
    Coc (0/7) Hell            Tar (0/7) Hell            Zot (5/5) Depths:4
  Sewer (visited)          Bailey (visited)          WizLab (visited)
Desolation (visited)

Altars:
Ashenzari
Cheibriados
Dithmenos
Elyvilon
Fedhas
Gozag
Hepliaklqana
Kikubaaqudgha
Makhleb
Nemelex Xobeh
Okawaru
Qazlal
Ru
Sif Muna
Trog
Uskayaw
Vehumet
Wu Jian
Xom
Yredelemnul
Zin
The Shining One
Lugonu

Shops:
D:12 *   D:14 [   Orc:2 ((?(:   Vaults:1 !?[   Vaults:2 =   Vaults:3 (
Depths:1 *[   Depths:3 (:*

Portals:
Hell: Depths:1 Depths:2 Depths:3
Abyss: Shoals:2 Depths:1 Depths:3
Pandemonium: Depths:1 Depths:2
Ziggurat: Depths:2

Annotations:
D:5 exclusion: downstairs
D:7 exclusion: downstairs
D:10 exclusion: door
D:13 Boris
D:15 Roxanne
Shoals:2 1 runed translucent door
Elf:1 5 runed translucent doors, Wawnuurphamadgh's ghost, adept DrCj
Crypt:2 1 transporter
Depths:3 Josephina
Zot:3 exclusion: upstairs
Zot:5 1 exclusion


Innate Abilities, Weirdness & Mutations

Your life essence is reduced to manifest your ancestor. (-10% HP)
Your serpentine skin is tough. (AC +9)
You have supernaturally acute eyesight. (SInv)
Armour fits poorly on your strangely shaped body.
Your system is resistant to poisons. (rPois)
You cover ground very slowly.
You can spit poison.
You can use your snake-like lower body to constrict enemies.
Your tail ends in a venomous barb.
You are partially covered in iridescent scales. (AC +2)


Message History

Cenhelm closely misses the Orb Guardian.
You block the Orb Guardian's attack.
Cenhelm hits the Orb Guardian with a +0 lajatang of freezing!!
Cenhelm freezes the Orb Guardian.
Casting: Lehudib's Crystal Spear (mildly dangerous; 1% risk of failure)
Confirm with . or Enter, or press ? or * to list all spells.
Aiming: Lehudib's Crystal Spear (mildly dangerous; 1% risk of failure)
Press: ? - help, Shift-Dir - straight line, f - Orb Guardian
Aim: an Orb Guardian (heavily wounded, ally target, 76% to hit)
You feel a surge of power!
The crystal spear hits the Orb Guardian!!!
The Orb Guardian is almost dead.
You block the Orb Guardian's attack.
Cenhelm closely misses the Orb Guardian.
The Orb Guardian hits you!
You hit the Orb Guardian but do no damage.
You blast the Orb Guardian!
You kill the Orb Guardian!
An Orb Guardian comes into view.
Found the Orb of Zot.
An Orb Guardian comes into view.
Cenhelm casts a spell at the Orb Guardian.
The crystal spear hits the Orb Guardian!!!
The Orb Guardian hits Cenhelm!!
The Orb Guardian moves out of view.
Casting: Lehudib's Crystal Spear (mildly dangerous; 1% risk of failure)
Confirm with . or Enter, or press ? or * to list all spells.
Aiming: Lehudib's Crystal Spear (mildly dangerous; 1% risk of failure)
Press: ? - help, Shift-Dir - straight line, f - Orb Guardian
Aim: an Orb Guardian (heavily wounded, not watching you, ally target, 76% to hit)
You feel a surge of power!
The crystal spear hits the Orb Guardian!!!!
You kill the Orb Guardian!
An Orb Guardian comes into view.
Cenhelm is no longer moving quickly.
The Orb Guardian fails to trigger a net trap.
Cenhelm casts a spell at the Orb Guardian.
The bolt of magma hits the Orb Guardian!!
Something hits Cenhelm!
Cenhelm hits the Orb Guardian with a +0 lajatang of freezing!!!
Cenhelm freezes the Orb Guardian.
Something hits Cenhelm!!
Cenhelm gestures at the Orb Guardian while chanting.
The crystal spear hits the Orb Guardian!!!
The Orb Guardian dies!
Something closely misses Cenhelm.
Cenhelm misses the Orb Guardian.
The Orb Guardian hits Cenhelm!!
The Orb Guardian hits Cenhelm but does no damage.
Cenhelm casts a spell at the Orb Guardian.
The bolt of magma hits the Orb Guardian!!
The Orb Guardian hits Cenhelm!!
Cenhelm gestures at the Orb Guardian while chanting.
The crystal spear hits the Orb Guardian!!!
Casting: Lehudib's Crystal Spear (mildly dangerous; 1% risk of failure)
Confirm with . or Enter, or press ? or * to list all spells.
You can't see any susceptible monsters within range! (Use Z to cast anyway.) Unknown command.
The Orb Guardian hits Cenhelm!
Cenhelm points at the Orb Guardian and mumbles some strange words.
The bolt of magma hits the Orb Guardian!
The Orb Guardian closely misses Cenhelm.
Casting: Lehudib's Crystal Spear (mildly dangerous; 1% risk of failure)
Confirm with . or Enter, or press ? or * to list all spells.
Aiming: Lehudib's Crystal Spear (mildly dangerous; 1% risk of failure)
Press: ? - help, Shift-Dir - straight line, f - Orb Guardian
Aim: an Orb Guardian (almost dead, not watching you, ally target, 76% to hit)
You feel a surge of power! Cenhelm avoids your attack.
The crystal spear hits the Orb Guardian!!!
You kill the Orb Guardian!
You start resting.
Cenhelm points at the Orb Guardian and mumbles some strange words.
The bolt of magma hits the Orb Guardian!!
Casting: Lehudib's Crystal Spear (mildly dangerous; 1% risk of failure)
Confirm with . or Enter, or press ? or * to list all spells.
Aiming: Lehudib's Crystal Spear (mildly dangerous; 1% risk of failure)
Press: ? - help, Shift-Dir - straight line, f - Orb Guardian
Aim: an Orb Guardian (heavily wounded, ally target, 76% to hit)
You feel a surge of power! Cenhelm avoids your attack.
The crystal spear hits the Orb Guardian!!!
You kill the Orb Guardian!
You start resting.
Magic restored.
You start resting.
Ancestor HP restored.
You swap places.
An Orb Guardian comes into view.
The Orb Guardian moves out of view.
Cenhelm mumbles some strange words.
Cenhelm seems to speed up.
The Orb Guardian barely misses Cenhelm.
Cenhelm gestures at the Orb Guardian while chanting.
The bolt of magma hits the Orb Guardian!
The Orb Guardian hits Cenhelm!!
Cenhelm hits the Orb Guardian with a +0 lajatang of freezing.
Cenhelm freezes the Orb Guardian.
The Orb Guardian barely misses Cenhelm.
Cenhelm barely misses the Orb Guardian.
The Orb Guardian hits Cenhelm!!
Cenhelm hits the Orb Guardian with a +0 lajatang of freezing!!
Cenhelm freezes the Orb Guardian!
The Orb Guardian hits Cenhelm!!
Cenhelm gestures at the Orb Guardian while chanting.
The crystal spear hits the Orb Guardian!!!
The Orb Guardian dies!
You start resting.
A Killer Klown comes into view. It is wielding a +11 club of flaming.
Cenhelm points at the Killer Klown and mumbles some strange words.
The crystal spear hits the Killer Klown!!!
The Killer Klown pies you viciously!
The klown pie hits Cenhelm!!
Cherry!
Cenhelm looks more vulnerable to fire.
Cenhelm hits the Killer Klown with a +0 lajatang of freezing!!!
Cenhelm freezes the Killer Klown.
The Killer Klown pies you viciously!
The klown pie hits Cenhelm!!
Blueberry!
Cenhelm loses the ability to speak.
Cenhelm completely misses the Killer Klown.
Cenhelm is no longer mute.
Cenhelm closely misses the Killer Klown.
The Killer Klown teases Cenhelm with a +11 club of flaming!
The Killer Klown burns Cenhelm.
Cenhelm is destroyed!
Casting: Lehudib's Crystal Spear (mildly dangerous; 1% risk of failure)
Confirm with . or Enter, or press ? or * to list all spells.
Aiming: Lehudib's Crystal Spear (mildly dangerous; 1% risk of failure)
Press: ? - help, Shift-Dir - straight line, f - Killer Klown
Aim: a Killer Klown, wielding a +11 club of flaming (heavily wounded, 72% to hit)
You feel a surge of power!
The crystal spear hits the Killer Klown!!!!
You kill the Killer Klown!
You start resting.
Magic restored.
You start waiting.
Cenhelm emerges from the mists of memory!
You swap places.
You see here the Orb of Zot.
You feel yourself speed up.
You pick up the Orb of Zot!
The Orb lets out a hideous shriek!
The lords of Pandemonium are not amused.
Beware!
Now all you have to do is get back out of the dungeon!
You hear a shout!
The shadow dragon sets off the alarm!
The alarm trap emits a blaring wail!
A sentinel's mark forms upon you.
A shadow dragon comes into view.
Your magical effects are unravelling.
You feel magically purged.
You feel yourself slow down.
The sentinel's mark upon you fades away.
Cenhelm gestures wildly while chanting.
Cenhelm seems to speed up.
You feel yourself speed up.
Cenhelm hits the shadow dragon but does no damage.
The shadow dragon bites Cenhelm.
The shadow dragon claws Cenhelm but does no damage.
The shadow dragon claws Cenhelm.
Cenhelm points at the shadow dragon and mumbles some strange words.
The crystal spear hits the shadow dragon!!
Cenhelm hits the shadow dragon with a +0 lajatang of freezing!!
Cenhelm freezes the shadow dragon.
Something bites Cenhelm!
Something claws Cenhelm. x2
Ancestor HP restored.
An Orb Guardian comes into view.
An Orb Guardian is nearby!
An Orb Guardian is nearby!
Your extra speed is starting to run out.
The Orb Guardian enters a dispersal trap!
Cenhelm blinks! x2
You blink.
The Orb Guardian blinks!
You block the Orb Guardian's attack.
Casting: Lehudib's Crystal Spear (mildly dangerous; 1% risk of failure)
Confirm with . or Enter, or press ? or * to list all spells.
Aiming: Lehudib's Crystal Spear (mildly dangerous; 1% risk of failure)
Press: ? - help, Shift-Dir - straight line, f - Orb Guardian
Aim: an Orb Guardian (76% to hit)
You feel a surge of power!
The crystal spear hits the Orb Guardian!!!
The Orb Guardian is severely wounded.
You block the Orb Guardian's attack.
Cenhelm is recalled.
The Orb Guardian hits you!!
Casting: Lehudib's Crystal Spear (mildly dangerous; 1% risk of failure)
Confirm with . or Enter, or press ? or * to list all spells.
Aiming: Lehudib's Crystal Spear (mildly dangerous; 1% risk of failure)
Press: ? - help, Shift-Dir - straight line, f/p - Orb Guardian
Aim: an Orb Guardian (severely wounded, ally target, 76% to hit)
You feel a surge of power!
The crystal spear hits the Orb Guardian!!!!
You kill the Orb Guardian!
You see here a +8 club of venom.
You feel yourself slow down.
Cenhelm is no longer moving quickly.
You see here a +9 vampiric club.
You see here a +8 club of freezing.
An Orb Guardian comes into view.
A red devil comes into view. It is wielding a +0 trident.
Cenhelm mumbles some strange words.
Cenhelm seems to speed up.
Casting: Lehudib's Crystal Spear (mildly dangerous; 1% risk of failure)
Confirm with . or Enter, or press ? or * to list all spells.
Aiming: Lehudib's Crystal Spear (mildly dangerous; 1% risk of failure)
Press: ? - help, Shift-Dir - straight line, f - Orb Guardian
Aim: an Orb Guardian (76% to hit)
You feel a surge of power!
The crystal spear hits the Orb Guardian!!!!
The Orb Guardian is almost dead.
Cenhelm casts a spell at the red devil.
The bolt of magma hits the red devil!
The red devil partially resists.
You block the Orb Guardian's attack.
The red devil hits Cenhelm from afar with a +0 trident!
Casting: Lehudib's Crystal Spear (mildly dangerous; 1% risk of failure)
Confirm with . or Enter, or press ? or * to list all spells.
Aiming: Lehudib's Crystal Spear (mildly dangerous; 1% risk of failure)
Press: ? - help, Shift-Dir - straight line, f/p - Orb Guardian
Aim: an Orb Guardian (almost dead, 76% to hit)
You feel a surge of power!
The crystal spear hits the Orb Guardian!!!
You kill the Orb Guardian!
Cenhelm hits the red devil with a +0 lajatang of freezing!!!
Cenhelm freezes the red devil.
The red devil dies!
Casting: Lehudib's Crystal Spear (mildly dangerous; 1% risk of failure)
Confirm with . or Enter, or press ? or * to list all spells.
You don't know that spell.
Unknown command.
There is a stone staircase leading up here.
You fly upwards.
There is a stone staircase leading down here.
HP restored.
You see here a +1 cloak.
Cenhelm is no longer moving quickly.
There is a stone staircase leading up here.
You fly upwards.
Level annotation: exclusion: upstairs
There is a stone staircase leading down here.
There is a stone staircase leading up here.
You fly upwards.
There is a stone staircase leading down here.
Magic restored.
There is a stone staircase leading up here.
You fly upwards.
There is a stone staircase leading down here.
You swap places.
A Hell Sentinel comes into view.
Casting: Lehudib's Crystal Spear (mildly dangerous; 1% risk of failure)
Confirm with . or Enter, or press ? or * to list all spells.
Aiming: Lehudib's Crystal Spear (mildly dangerous; 1% risk of failure)
Press: ? - help, Shift-Dir - straight line, f - Hell Sentinel
Aim: a Hell Sentinel (98% to hit)
You feel a surge of power!
The crystal spear hits the Hell Sentinel!!!!
The Hell Sentinel is severely wounded.
Cenhelm casts a spell at the Hell Sentinel.
The crystal spear hits the Hell Sentinel!!
Casting: Lehudib's Crystal Spear (mildly dangerous; 1% risk of failure)
Confirm with . or Enter, or press ? or * to list all spells.
Aiming: Lehudib's Crystal Spear (mildly dangerous; 1% risk of failure)
Press: ? - help, Shift-Dir - straight line, f/p - Hell Sentinel
Aim: a Hell Sentinel (severely wounded, not watching you, ally target, 98% to hit)
You feel a surge of power!
The crystal spear hits the Hell Sentinel!!!
You kill the Hell Sentinel!
(D) Dungeon (T) Temple (L) Lair (A) Shoals (N) Spider Nest (M) Slime Pits (O) Orcish Mines (E) Elven Halls (V) Vaults (C) Crypt (W) Tomb (U) Depths (H) Hell (I) Dis (G) Gehenna (X) Cocytus (Y) Tartarus (Z) Zot
Where to? (Enter - Zot:1 @ (x,y), ? - help)
You see here a +0 war axe.
Things that are here:
a +0 war axe of freezing; a +0 cloak; a +0 long sword You see here a +2 flail of protection.
Things that are here:
a +0 cloak; a +0 long sword of holy wrath; a +0 cloak You see here a +0 mace.
You see here a +0 war axe.
There is a gate leading back out of this place, spattered with blood here.
You fly up through the gate.
Welcome back to the Depths!
There is a gate to the Realm of Zot, spattered with blood here.
Magic restored.
A great orb of eyes comes into view.
Cenhelm gestures at the great orb of eyes while chanting.
The bolt of magma hits the great orb of eyes!!!
There is an open door here.
The great orb of eyes gazes at Cenhelm.
Cenhelm resists with almost no effort.
Cenhelm hits the great orb of eyes with a +0 lajatang of freezing!!
Cenhelm freezes the great orb of eyes.
The great orb of eyes dies!
(D) Dungeon (T) Temple (L) Lair (A) Shoals (N) Spider Nest (M) Slime Pits (O) Orcish Mines (E) Elven Halls (V) Vaults (C) Crypt (W) Tomb (U) Depths (H) Hell (I) Dis (G) Gehenna (X) Cocytus (Y) Tartarus (Z) Zot
Where to? (Enter - Depths:4 @ (x,y), ? - help)
You see here a +4 trident.
There is an open door here.
A reaper comes into view.
It is wielding a +0 scythe of protection.
You block the reaper's attack.
Cenhelm casts a spell at the reaper.
The bolt of magma misses the reaper.
Casting: Lehudib's Crystal Spear (mildly dangerous; 1% risk of failure)
Confirm with . or Enter, or press ? or * to list all spells.
Aiming: Lehudib's Crystal Spear (mildly dangerous; 1% risk of failure)
Press: ? - help, Shift-Dir - straight line, f - reaper
Aim: a reaper, wielding a +0 scythe of protection (ally target, 83% to hit)
You feel a surge of power!
The crystal spear hits the reaper!!!
The reaper is severely wounded.
You block the reaper's attack.
Cenhelm points at the reaper and mumbles some strange words.
The bolt of magma hits the reaper!!!
The reaper dies!
There is a huge open gate, spattered with blood here.
You see here a +0 cloak.
(D) Dungeon (T) Temple (L) Lair (A) Shoals (N) Spider Nest (M) Slime Pits (O) Orcish Mines (E) Elven Halls (V) Vaults (C) Crypt (W) Tomb (U) Depths (H) Hell (I) Dis (G) Gehenna (X) Cocytus (Y) Tartarus (Z) Zot
Where to? (Enter - Depths:3, ? - help)
Okay, then.
You see here a +0 war axe.
(D) Dungeon (T) Temple (L) Lair (A) Shoals (N) Spider Nest (M) Slime Pits (O) Orcish Mines (E) Elven Halls (V) Vaults (C) Crypt (W) Tomb (U) Depths (H) Hell (I) Dis (G) Gehenna (X) Cocytus (Y) Tartarus (Z) Zot
Where to? (Enter - Depths:4 @ (x,y), ? - help) Unknown command.
(D) Dungeon (T) Temple (L) Lair (A) Shoals (N) Spider Nest (M) Slime Pits (O) Orcish Mines (E) Elven Halls (V) Vaults (C) Crypt (W) Tomb (U) Depths (H) Hell (I) Dis (G) Gehenna (X) Cocytus (Y) Tartarus (Z) Zot
Where to? (Enter - Depths:4 @ (x,y), ? - help)
The shadow dragon breathes negative energy at you.
The bolt of negative energy hits you but does no damage.
You resist.
Cenhelm casts a spell.
Cenhelm seems to speed up.
Casting: Lehudib's Crystal Spear (mildly dangerous; 1% risk of failure)
Confirm with . or Enter, or press ? or * to list all spells.
Aiming: Lehudib's Crystal Spear (mildly dangerous; 1% risk of failure)
Press: ? - help, Shift-Dir - straight line, f - shadow dragon
Aim: a shadow dragon (ally target, 83% to hit)
You feel a surge of power!
The crystal spear hits the shadow dragon!!!
The shadow dragon is heavily wounded.
Cenhelm barely misses the shadow dragon.
The shadow dragon bites you but does no damage.
You block the shadow dragon's attack. x2
Cenhelm gestures at the shadow dragon while chanting.
The bolt of magma hits the shadow dragon.
Cenhelm hits the shadow dragon with a +0 lajatang of freezing!!
The shadow dragon bites Cenhelm!
The shadow dragon claws Cenhelm.
The shadow dragon claws Cenhelm but does no damage.
Cenhelm barely misses the shadow dragon.
Cenhelm hits the shadow dragon with a +0 lajatang of freezing!!
Cenhelm freezes the shadow dragon.
The shadow dragon bites Cenhelm.
The shadow dragon claws Cenhelm. x2
Cenhelm hits the shadow dragon with a +0 lajatang of freezing!!!
The shadow dragon dies!
There is a stone staircase leading up here.
You fly upwards.
Level annotation: Josephina
There is a stone staircase leading down here.
There is an escape hatch in the ceiling here.
A mysterious force pulls you upwards. The hatch slams shut behind you.
You swap places.
There is a large open door here.
Magic restored.
Ancestor HP restored.
There is an open door here.
Things that are here:
a +0 robe; a +0 dagger
There is a stone staircase leading up here.
You fly upwards.
There is a stone staircase leading down here.
You see here a +0 troll leather armour.
You see here a +0 troll leather armour.
There is a staircase back to the Dungeon, spattered with blood here.
You see here a +0 troll leather armour.
You fly upwards.
Welcome back to the Dungeon!
Level annotation: Roxanne
There is a staircase to the Depths, spattered with blood here.
You see here 5 large rocks.
There is an open door here.
There is an open door here.
You see here a +0 longbow.
A shadow demon comes into view.
Casting: Lehudib's Crystal Spear (mildly dangerous; 1% risk of failure)
Confirm with . or Enter, or press ? or * to list all spells.
You can't see any susceptible monsters within range! (Use Z to cast anyway.) Cenhelm gestures at the shadow demon while chanting.
The bolt of magma hits the shadow demon!
Casting: Lehudib's Crystal Spear (mildly dangerous; 1% risk of failure)
Confirm with . or Enter, or press ? or * to list all spells.
Aiming: Lehudib's Crystal Spear (mildly dangerous; 1% risk of failure)
Press: ? - help, Shift-Dir - straight line, f - shadow demon
Aim: a shadow demon (moderately wounded, ally target, 79% to hit)
You feel a surge of power!
The crystal spear misses the shadow demon.
Casting: Lehudib's Crystal Spear (mildly dangerous; 1% risk of failure)
Confirm with . or Enter, or press ? or * to list all spells.
Aiming: Lehudib's Crystal Spear (mildly dangerous; 1% risk of failure)
Press: ? - help, Shift-Dir - straight line, f/p - shadow demon
Aim: a shadow demon (moderately wounded, ally target, 79% to hit)
You feel a surge of power!
The crystal spear hits the shadow demon!!!!
You kill the shadow demon!
You see here a +0 leather armour.
An Orb Guardian comes into view.
Cenhelm gestures at the Orb Guardian while chanting.
The bolt of magma hits the Orb Guardian!!
Cenhelm hits the Orb Guardian with a +0 lajatang of freezing!!
Cenhelm freezes the Orb Guardian.
Cenhelm points at the Orb Guardian and mumbles some strange words.
The crystal spear hits the Orb Guardian!!!
The Orb Guardian dies! 5 hell hounds come into view.
Things that are here:
a +0 giant club; a +0 giant club The hell hound barks! x2
Cenhelm mumbles some strange words.
Cenhelm seems to speed up.
The hell hound moves out of view. x2
Cenhelm gestures at the hell hound while chanting.
The crystal spear hits the hell hound!
Cenhelm gestures at the hell hound while chanting.
The bolt of magma hits the hell hound!
The hell hound partially resists.
The hell hound dies!
Cenhelm hits the hell hound with a +0 lajatang of freezing!!
Cenhelm freezes the hell hound!
The hell hound dies!
Something bites Cenhelm.
Cenhelm gestures at the hell hound while chanting.
The bolt of magma hits the hell hound!
The hell hound partially resists.
Something bites Cenhelm!
There is a stone staircase leading up, spattered with blood here.
Cenhelm hits the hell hound with a +0 lajatang of freezing!!!
Cenhelm freezes the hell hound!!
The hell hound dies!
You fly upwards.
There is a stone staircase leading down here.
Cenhelm is recalled.
Aiming: Dig
Press: ? - help, Shift-Dir - straight line A rock wall.
This square is covered in magical glow.
The rock shatters into small pieces.
There is a stone staircase leading up here.
You fly upwards.
There is a stone staircase leading down here.
Magic restored.
There is a stone staircase leading up here.
You fly upwards.
There is a stone staircase leading down here.
An Amietul, a small abomination and a lich come into view.
Press: ? - help, v - describe, . - travel
Here: Amietul The floor.
You feel yourself speed up.
You feel clever all of a sudden.
The lich shouts!
Casting: Lehudib's Crystal Spear (mildly dangerous; 1% risk of failure)
Confirm with . or Enter, or press ? or * to list all spells.
Aiming: Lehudib's Crystal Spear (mildly dangerous; 1% risk of failure)
Press: ? - help, Shift-Dir - straight line, f - lich
Aim: a lich (ally target, 85% to hit)
You feel a strong surge of power! Cenhelm avoids your attack.
The crystal spear hits the lich!!!
The lich is severely damaged.
The lich conjures an orb of pure magic.
An orb of destruction comes into view.
Casting: Lehudib's Crystal Spear (mildly dangerous; 1% risk of failure)
Confirm with . or Enter, or press ? or * to list all spells.
Aiming: Lehudib's Crystal Spear (mildly dangerous; 1% risk of failure)
Press: ? - help, Shift-Dir - straight line, f/p - lich
Aim: a lich (severely damaged, ally target, 85% to hit)
You feel a strong surge of power! Cenhelm avoids your attack.
The crystal spear hits the lich!!!!
You destroy the lich!
Cenhelm casts a spell at Amietul.
The bolt of magma hits Amietul!
Amietul gestures at you.
The bolt of negative energy hits Cenhelm.
Cenhelm completely resists.
The bolt of negative energy hits you but does no damage.
You resist.
Casting: Lehudib's Crystal Spear (mildly dangerous; 1% risk of failure)
Confirm with . or Enter, or press ? or * to list all spells.
Aiming: Lehudib's Crystal Spear (mildly dangerous; 1% risk of failure)
Press: ? - help, Shift-Dir - straight line, f - Amietul
Aim: Amietul (lightly wounded, ally target, 100% to hit)
You feel a strong surge of power! Cenhelm avoids your attack.
The crystal spear hits Amietul!!!
Amietul is moderately wounded.
Cenhelm hits Amietul with a +0 lajatang of freezing!
Cenhelm freezes Amietul.
Casting: Lehudib's Crystal Spear (mildly dangerous; 1% risk of failure)
Confirm with . or Enter, or press ? or * to list all spells.
Aiming: Lehudib's Crystal Spear (mildly dangerous; 1% risk of failure)
Press: ? - help, Shift-Dir - straight line, f/p - Amietul
Aim: Amietul (moderately wounded, ally target, 100% to hit)
You feel a strong surge of power! Cenhelm avoids your attack.
The crystal spear hits Amietul!!!
Amietul is severely wounded.
The orb of destruction hits you!!!
Casting: Lehudib's Crystal Spear (mildly dangerous; 1% risk of failure)
Confirm with . or Enter, or press ? or * to list all spells.
Aiming: Lehudib's Crystal Spear (mildly dangerous; 1% risk of failure)
Press: ? - help, Shift-Dir - straight line, f/p - Amietul
Aim: Amietul (severely wounded, ally target, 100% to hit)
You feel a strong surge of power!
The crystal spear hits Amietul!!!!
You kill Amietul!
Casting: Lehudib's Crystal Spear (mildly dangerous; 1% risk of failure)
Confirm with . or Enter, or press ? or * to list all spells.
Aiming: Lehudib's Crystal Spear (mildly dangerous; 1% risk of failure)
Press: ? - help, Shift-Dir - straight line, f - small abomination
Aim: a small abomination (magical condensation, ally target, 85% to hit)
You feel a strong surge of power!
The crystal spear hits the small abomination!!!
You destroy the small abomination!
You see here a +0 lajatang.
An Ice Fiend comes into view.
Casting: Lehudib's Crystal Spear (mildly dangerous; 1% risk of failure)
Confirm with . or Enter, or press ? or * to list all spells.
You can't see any susceptible monsters within range! (Use Z to cast anyway.) Unknown command.
Casting: Lehudib's Crystal Spear (mildly dangerous; 1% risk of failure)
Confirm with . or Enter, or press ? or * to list all spells.
Aiming: Lehudib's Crystal Spear (mildly dangerous; 1% risk of failure)
Press: ? - help, Shift-Dir - straight line, f - Ice Fiend
Aim: an Ice Fiend (93% to hit)
You feel a strong surge of power!
The crystal spear hits the Ice Fiend!!!!
You kill the Ice Fiend!
Your Shields skill increases to level 22!
(D) Dungeon (T) Temple (L) Lair (A) Shoals (N) Spider Nest (M) Slime Pits (O) Orcish Mines (E) Elven Halls (V) Vaults (C) Crypt (W) Tomb (U) Depths (H) Hell (I) Dis (G) Gehenna (X) Cocytus (Y) Tartarus (Z) Zot
Where to? (Enter - D:12 @ (x,y), ? - help)
A hell beast comes into view.
Cenhelm casts a spell.
Cenhelm seems to speed up.
You feel a strong surge of power!
The iron shot hits the hell beast!!!
The hell beast is heavily wounded.
Cenhelm gestures at the hell beast while chanting.
The crystal spear hits the hell beast!!!
The hell beast dies!
No target in view!
Unknown command.
(D) Dungeon (T) Temple (L) Lair (A) Shoals (N) Spider Nest (M) Slime Pits (O) Orcish Mines (E) Elven Halls (V) Vaults (C) Crypt (W) Tomb (U) Depths (H) Hell (I) Dis (G) Gehenna (X) Cocytus (Y) Tartarus (Z) Zot
Where to? (Enter - D:11, ? - help)
Your extra speed is starting to run out.
You feel yourself slow down.
There is a stone staircase leading up here.
You fly upwards.
There is a stone staircase leading down here.
(D) Dungeon (T) Temple (L) Lair (A) Shoals (N) Spider Nest (M) Slime Pits (O) Orcish Mines (E) Elven Halls (V) Vaults (C) Crypt (W) Tomb (U) Depths (H) Hell (I) Dis (G) Gehenna (X) Cocytus (Y) Tartarus (Z) Zot
Where to? (Enter - D:11, ? - help) Cenhelm is no longer moving quickly.
You feel a little less clever now.
An Orb Guardian comes into view.
A sixfirhy comes into view.
Casting: Iron Shot (safe; 1% risk of failure)
Confirm with . or Enter, or press ? or * to list all spells.
You can't see any susceptible monsters within range! (Use Z to cast anyway.) Unknown command.
Casting: Iron Shot (safe; 1% risk of failure)
Confirm with . or Enter, or press ? or * to list all spells.
Aiming: Lehudib's Crystal Spear (mildly dangerous; 1% risk of failure)
Press: ? - help, Shift-Dir - straight line, f - Orb Guardian
Aim: an Orb Guardian (ally target, 76% to hit)
You feel a surge of power! Cenhelm avoids your attack.
The crystal spear hits the Orb Guardian!!!
The Orb Guardian is severely wounded.
The Orb Guardian barely misses Cenhelm.
The Orb Guardian hits Cenhelm but does no damage.
Cenhelm hits the Orb Guardian with a +0 lajatang of freezing!!
Cenhelm freezes the Orb Guardian.
Casting: Lehudib's Crystal Spear (mildly dangerous; 1% risk of failure)
Confirm with . or Enter, or press ? or * to list all spells.
Aiming: Lehudib's Crystal Spear (mildly dangerous; 1% risk of failure)
Press: ? - help, Shift-Dir - straight line, f/p - Orb Guardian
Aim: an Orb Guardian (almost dead, ally target, 76% to hit)
You feel a surge of power! Cenhelm avoids your attack.
The crystal spear hits the Orb Guardian!!!!
You kill the Orb Guardian!
You block the sixfirhy's attack.
Cenhelm casts a spell at the sixfirhy.
The crystal spear hits the sixfirhy!!!
The sixfirhy dies!
Casting: Lehudib's Crystal Spear (mildly dangerous; 1% risk of failure)
Confirm with . or Enter, or press ? or * to list all spells.
You can't see any susceptible monsters within range! (Use Z to cast anyway.) Unknown command.
(D) Dungeon (T) Temple (L) Lair (A) Shoals (N) Spider Nest (M) Slime Pits (O) Orcish Mines (E) Elven Halls (V) Vaults (C) Crypt (W) Tomb (U) Depths (H) Hell (I) Dis (G) Gehenna (X) Cocytus (Y) Tartarus (Z) Zot
Where to? (Enter - D:10, ? - help)
A Hell Sentinel comes into view.
Cenhelm gestures wildly while chanting.
Cenhelm seems to speed up.
An Orb Guardian comes into view.
Casting: Lehudib's Crystal Spear (mildly dangerous; 1% risk of failure)
Confirm with . or Enter, or press ? or * to list all spells.
Aiming: Lehudib's Crystal Spear (mildly dangerous; 1% risk of failure)
Press: ? - help, Shift-Dir - straight line, f - Hell Sentinel
Aim: a Hell Sentinel (ally target, 98% to hit)
You feel a surge of power!
The crystal spear hits the Hell Sentinel!!!
The Hell Sentinel is heavily wounded.
Cenhelm gestures at the Hell Sentinel while chanting.
The bolt of magma hits the Hell Sentinel.
The Hell Sentinel partially resists.
The Hell Sentinel gestures at you.
The sphere of damnation explodes!
The damnation engulfs you!!!
The damnation engulfs the Hell Sentinel.
The Hell Sentinel completely resists.
The damnation engulfs Cenhelm!!
Casting: Lehudib's Crystal Spear (mildly dangerous; 1% risk of failure)
Confirm with . or Enter, or press ? or * to list all spells.
Aiming: Lehudib's Crystal Spear (mildly dangerous; 1% risk of failure)
Press: ? - help, Shift-Dir - straight line, f/p - Hell Sentinel
Aim: a Hell Sentinel (heavily wounded, ally target, 98% to hit)
You feel a surge of power!
The crystal spear hits the Hell Sentinel!!!
The Hell Sentinel is almost dead.
* * * LOW MAGIC WARNING * * *
Cenhelm casts a spell at the Hell Sentinel.
The bolt of magma hits the Hell Sentinel!!
The Hell Sentinel partially resists.
The Hell Sentinel dies!
Casting: Lehudib's Crystal Spear (mildly dangerous; 1% risk of failure)
Confirm with . or Enter, or press ? or * to list all spells.
Aiming: Lehudib's Crystal Spear (mildly dangerous; 1% risk of failure)
Press: ? - help, Shift-Dir - straight line, f - Orb Guardian
Aim: an Orb Guardian (76% to hit)
You feel a surge of power!
The crystal spear hits the Orb Guardian!!!
The Orb Guardian is severely wounded.
* * * LOW MAGIC WARNING * * *
Casting: Lehudib's Crystal Spear (mildly dangerous; 1% risk of failure)
Confirm with . or Enter, or press ? or * to list all spells.
You don't have enough magic to cast this spell.
Unknown command.
Cenhelm casts a spell at the Orb Guardian.
The bolt of magma hits the Orb Guardian!!
The Orb Guardian dies!
A lorocyproca comes into view.
Cenhelm hits the lorocyproca with a +0 lajatang of freezing!
The lorocyproca closely misses Cenhelm.
Cenhelm casts a spell at the lorocyproca.
The crystal spear hits the lorocyproca!
Cenhelm hits the lorocyproca with a +0 lajatang of freezing!!!
Cenhelm freezes the lorocyproca!
Cenhelm hits the lorocyproca with a +0 lajatang of freezing!!
Cenhelm freezes the lorocyproca.
The lorocyproca dies!
There is a stone staircase leading up here.
You start resting.
A chaos spawn comes into view.
A chaos spawn is nearby!
Cenhelm is no longer moving quickly.
The chaos spawn hits Cenhelm.
Cenhelm is engulfed in flames.
Cenhelm resists.
Cenhelm casts a spell.
Cenhelm seems to speed up.
The chaos spawn gores Cenhelm but does no damage.
Cenhelm hits the chaos spawn with a +0 lajatang of freezing.
Cenhelm freezes the chaos spawn.
Cenhelm gestures at the chaos spawn while chanting.
The crystal spear hits the chaos spawn!!!
The chaos spawn dies!
The chaos spawn degenerates into a cloud of primal chaos!
A cacodemon and 3 orange demons come into view.
The orange demon screeches!
You fly upwards.
Level annotation: exclusion: door
There is a stone staircase leading down here.
Cenhelm is recalled.
There is an open door here.
There is an escape hatch in the ceiling here.
A mysterious force pulls you upwards. The hatch slams shut behind you.
You swap places.
There is a stone staircase leading up here.
You fly upwards.
There is a stone staircase leading down here.
A rakshasa and a centaur come into view.
You can't go up here!
The rakshasa moves out of view.
The centaur wields a +0 shortbow.
The centaur shoots an arrow.
You reflect the arrow off an invisible shield around you!
The arrow barely misses the centaur.
Cenhelm gestures at the centaur while chanting.
The crystal spear hits the centaur!!!
The centaur dies!
Cenhelm casts a spell at the rakshasa.
The bolt of magma hits the rakshasa!
A blizzard demon comes into view.
Cenhelm gestures at the blizzard demon while chanting.
The bolt of magma hits the blizzard demon!!!
The blizzard demon is burned terribly!
Cenhelm points at the rakshasa and mumbles some strange words.
The bolt of magma hits the rakshasa.
Something closely misses Cenhelm.
Something barely misses Cenhelm.
An Orb Guardian comes into view.
The rakshasa blinks!
There is a stone staircase leading up here.
The blizzard demon waves its arms in wide circles.
The air twists around and strikes Cenhelm!
You fly upwards.
Level annotation: exclusion: downstairs
There is a stone staircase leading down here.
Cenhelm is recalled.
You swap places.
An Executioner and a large abomination come into view.
You can't go up here!
What are your orders? t - Shout!
Orders for allies: a - Attack new target. r - Retreat! s - Stop attacking. g - Guard the area. f - Follow me.
Anything else - Cancel.
Gang up on whom?
Press: ? - help, Dir - move target, f - Executioner
Aim: an Executioner Attack!
The Executioner gestures.
The Executioner seems to speed up.
Casting: Lehudib's Crystal Spear (mildly dangerous; 1% risk of failure)
Confirm with . or Enter, or press ? or * to list all spells.
Aiming: Lehudib's Crystal Spear (mildly dangerous; 1% risk of failure)
Press: ? - help, Shift-Dir - straight line, f/p - Executioner
Aim: an Executioner (fast, ally target, 72% to hit)
You feel a surge of power!
The crystal spear hits the Executioner!!!
The Executioner is almost dead.
You block the Executioner's attack. x2
The Executioner hits you but does no damage.
Cenhelm hits the Executioner with a +0 lajatang of freezing!!
Cenhelm freezes the Executioner.
The Executioner dies!
You block the large abomination's attack.
Cenhelm mumbles some strange words.
Cenhelm seems to speed up.
You block the large abomination's attack.
Cenhelm barely misses the large abomination.
You block the large abomination's attack.
The large abomination attacks as you move away!
You block the large abomination's attack.
Cenhelm hits the large abomination with a +0 lajatang of freezing!!
Cenhelm freezes the large abomination!
The large abomination is destroyed!
A profane servitor comes into view. It is wielding a +3 whip.
There is a stone staircase leading up here.
You fly upwards.
An Orb Guardian comes into view.
There is a stone staircase leading down here.
You fly downwards.
Level annotation: exclusion: downstairs Cenhelm hits the profane servitor with a +0 lajatang of freezing!!!
Cenhelm freezes the profane servitor.
The profane servitor hits you but does no damage.
You block the profane servitor's attack.
Cenhelm misses the profane servitor.
You block the profane servitor's attack.
The profane servitor hits you but does no damage.
There is a stone staircase leading up here.
A profane servitor is nearby!
Casting: Lehudib's Crystal Spear (mildly dangerous; 1% risk of failure)
Confirm with . or Enter, or press ? or * to list all spells.
Aiming: Lehudib's Crystal Spear (mildly dangerous; 1% risk of failure)
Press: ? - help, Shift-Dir - straight line, f - profane servitor
Aim: a profane servitor, wielding a +3 whip (moderately damaged, ally target, umbra, 53% to hit)
You feel a surge of power!
The crystal spear misses the profane servitor.
Cenhelm avoids your attack.
Cenhelm completely misses the profane servitor.
You block the profane servitor's attack. x2
Cenhelm points at the profane servitor and mumbles some strange words.
The bolt of magma hits the profane servitor!!!
The profane servitor hits Cenhelm with a +3 whip!
The profane servitor barely misses Cenhelm.
Cenhelm closely misses the profane servitor.
The profane servitor hits Cenhelm with a +3 whip!
The profane servitor barely misses Cenhelm.
Cenhelm hits the profane servitor with a +0 lajatang of freezing!!!
Cenhelm freezes the profane servitor!
The profane servitor hits Cenhelm with a +3 whip!
The profane servitor hits Cenhelm with a +3 whip.
Cenhelm hits the profane servitor with a +0 lajatang of freezing!!
Cenhelm freezes the profane servitor.
The profane servitor is destroyed!
Cenhelm is no longer moving quickly.
Things that are here:
a +0 plate armour; a +0 battleaxe HP restored.
Ancestor HP restored.
There is a stone staircase leading up here.
You fly upwards.
There is a stone staircase leading down here.
A jelly is nearby!
Cenhelm gestures wildly while chanting.
Cenhelm seems to speed up.
There is a stone staircase leading up here.
You fly upwards.
Level annotation: exclusion: downstairs
There is a stone staircase leading down here.
A ynoxinul comes into view.
The ynoxinul moves out of view.
Aiming: Dig
Press: ? - help, Shift-Dir - straight line A rock wall.
This square is covered in magical glow.
The rock shatters into small pieces.
The ynoxinul gestures.
Cenhelm gestures at the ynoxinul while chanting.
The bolt of magma hits the ynoxinul!!
Cenhelm casts a spell at the ynoxinul.
The bolt of magma hits the ynoxinul!!
The ynoxinul dies!
Cenhelm is no longer moving quickly.
There is a stone staircase leading up here.
You fly upwards.
There is a stone staircase leading down here.
A seraph, a cherub and a daeva come into view.
The seraph is wielding a +5 great sword of flaming.
The cherub is wielding a +0 falchion of flaming.
The daeva is wielding a +5 scimitar of holy wrath.
Okay, then.
You feel yourself speed up.
The daeva shouts!
Cenhelm gestures wildly while chanting.
Cenhelm seems to speed up.
You feel clever all of a sudden.
The seraph gestures.
The seraph begins to accept its allies' injuries.
Casting: Lehudib's Crystal Spear (mildly dangerous; 1% risk of failure)
Confirm with . or Enter, or press ? or * to list all spells.
Aiming: Lehudib's Crystal Spear (mildly dangerous; 1% risk of failure)
Press: ? - help, Shift-Dir - straight line, f - seraph
Aim: a seraph, wielding a +5 great sword of flaming and wearing +1 fire dragon scales (haloed, 74% to hit)
You feel a strong surge of power!
The crystal spear hits the seraph!!!!
The seraph is moderately wounded.
The daeva calls down the wrath of the Shining One upon you.
The Shining One smites you!
Casting: Lehudib's Crystal Spear (mildly dangerous; 1% risk of failure)
Confirm with . or Enter, or press ? or * to list all spells.
Aiming: Lehudib's Crystal Spear (mildly dangerous; 1% risk of failure)
Press: ? - help, Shift-Dir - straight line, f/p - seraph
Aim: a seraph, wielding a +5 great sword of flaming and wearing +1 fire dragon scales (moderately wounded, haloed, 74% to hit)
You feel a strong surge of power! Cenhelm avoids your attack.
The crystal spear hits the seraph!!!
The seraph is severely wounded.
The seraph shouts a warning to its allies!
The daeva calls down the wrath of the Shining One upon you.
The Shining One smites you!
Cenhelm completely misses the seraph.
Casting: Lehudib's Crystal Spear (mildly dangerous; 1% risk of failure)
Confirm with . or Enter, or press ? or * to list all spells.
Aiming: Lehudib's Crystal Spear (mildly dangerous; 1% risk of failure)
Press: ? - help, Shift-Dir - straight line, f/p - seraph
Aim: a seraph, wielding a +5 great sword of flaming and wearing +1 fire dragon scales (severely wounded, catching its breath, haloed, 74% to hit)
You feel a strong surge of power! Cenhelm avoids your attack.
The crystal spear misses the seraph.
The crystal spear hits the daeva!!!!
The daeva is heavily wounded.
The seraph hits Cenhelm with a +5 great sword of flaming!!
The seraph burns Cenhelm.
The seraph hits Cenhelm with a +5 great sword of flaming!
The seraph burns Cenhelm.
Casting: Lehudib's Crystal Spear (mildly dangerous; 1% risk of failure)
Confirm with . or Enter, or press ? or * to list all spells.
Aiming: Lehudib's Crystal Spear (mildly dangerous; 1% risk of failure)
Press: ? - help, Shift-Dir - straight line, f/p - seraph
Aim: a seraph, wielding a +5 great sword of flaming and wearing +1 fire dragon scales (almost dead, catching its breath, ally target, haloed, 74% to hit)
You feel a strong surge of power! Cenhelm avoids your attack.
The crystal spear hits the seraph!!!
You kill the seraph!
The daeva calls down the wrath of the Shining One upon you.
The Shining One smites you!
The cherub sings a powerful hymn!
The daeva goes into a battle-frenzy!
Casting: Lehudib's Crystal Spear (mildly dangerous; 1% risk of failure)
Confirm with . or Enter, or press ? or * to list all spells.
Aiming: Lehudib's Crystal Spear (mildly dangerous; 1% risk of failure)
Press: ? - help, Shift-Dir - straight line, f - daeva
Aim: a daeva, wielding a +5 scimitar of holy wrath and wearing a +0 tower shield (heavily wounded, strong, ally target, haloed, 86% to hit)
You feel a strong surge of power! Cenhelm avoids your attack.
The crystal spear hits the daeva!!!!
You kill the daeva!
Cenhelm hits the cherub with a +0 lajatang of freezing.
Cenhelm freezes the cherub.
The cherub unwields a +0 falchion of flaming.
It stops flaming.
The cherub wields a +0 shortbow.
The cherub shoots an arrow.
The arrow hits you.
Casting: Lehudib's Crystal Spear (mildly dangerous; 1% risk of failure)
Confirm with . or Enter, or press ? or * to list all spells.
Aiming: Lehudib's Crystal Spear (mildly dangerous; 1% risk of failure)
Press: ? - help, Shift-Dir - straight line, f - cherub
Aim: a cherub, wielding a +0 shortbow and wearing a +0 robe (lightly wounded, ally target, haloed, 72% to hit)
You feel a strong surge of power!
The crystal spear hits the cherub!!!!
You kill the cherub!
(D) Dungeon (T) Temple (L) Lair (A) Shoals (N) Spider Nest (M) Slime Pits (O) Orcish Mines (E) Elven Halls (V) Vaults (C) Crypt (W) Tomb (U) Depths (H) Hell (I) Dis (G) Gehenna (X) Cocytus (Y) Tartarus (Z) Zot
Where to? (Enter - D:4 @ (x,y), ? - help)
Okay, then.
Unknown command.
You swap places.
Things that are here:
a +5 great sword of flaming; +1 fire dragon scales
Things that are here:
a +5 scimitar of holy wrath; a +0 tower shield Your extra speed is starting to run out.
A large abomination comes into view.
You can't go up here!
Casting: Lehudib's Crystal Spear (mildly dangerous; 1% risk of failure)
Confirm with . or Enter, or press ? or * to list all spells.
Aiming: Lehudib's Crystal Spear (mildly dangerous; 1% risk of failure)
Press: ? - help, Shift-Dir - straight line, f - large abomination
Aim: a large abomination (95% to hit)
You feel a strong surge of power!
The crystal spear hits the large abomination!!!!
You destroy the large abomination!
(D) Dungeon (T) Temple (L) Lair (A) Shoals (N) Spider Nest (M) Slime Pits (O) Orcish Mines (E) Elven Halls (V) Vaults (C) Crypt (W) Tomb (U) Depths (H) Hell (I) Dis (G) Gehenna (X) Cocytus (Y) Tartarus (Z) Zot
Where to? (Enter - D:4 @ (x,y), ? - help) Ancestor HP restored.
You feel yourself slow down.
Cenhelm is no longer moving quickly.
A hell hog comes into view.
You can't go up here!
Cenhelm points at the hell hog and mumbles some strange words.
The crystal spear hits the hell hog!!!
The hell hog breathes fire at Cenhelm.
The fireball explodes!
The fireball engulfs Cenhelm!
Cenhelm resists.
The fireball engulfs the hell hog.
The hell hog completely resists.
The hell hog bites Cenhelm but does no damage.
Cenhelm hits the hell hog with a +0 lajatang of freezing!!
Cenhelm freezes the hell hog.
The hell hog dies!
You hear an angry squeal.
There is a stone staircase leading up here.
You fly upwards.
There is a stone staircase leading down here.
Ancestor HP restored.
A green death comes into view.
Casting: Lehudib's Crystal Spear (mildly dangerous; 1% risk of failure)
Confirm with . or Enter, or press ? or * to list all spells.
You can't see any susceptible monsters within range! (Use Z to cast anyway.) Unknown command.
Cenhelm gestures wildly while chanting.
Cenhelm seems to speed up.
Casting: Lehudib's Crystal Spear (mildly dangerous; 1% risk of failure)
Confirm with . or Enter, or press ? or * to list all spells.
Aiming: Lehudib's Crystal Spear (mildly dangerous; 1% risk of failure)
Press: ? - help, Shift-Dir - straight line, f - green death
Aim: a green death (ally target, 91% to hit)
You feel a strong surge of power!
The crystal spear hits the green death!!!!
You kill the green death!
You can't go up here!
(D) Dungeon (T) Temple (L) Lair (A) Shoals (N) Spider Nest (M) Slime Pits (O) Orcish Mines (E) Elven Halls (V) Vaults (C) Crypt (W) Tomb (U) Depths (H) Hell (I) Dis (G) Gehenna (X) Cocytus (Y) Tartarus (Z) Zot
Where to? (Enter - D:3 @ (x,y), ? - help)
You feel a little less clever now.
A hellwing comes into view.
Cenhelm hits the hellwing with a +0 lajatang of freezing!!!
Cenhelm freezes the hellwing!!
The hellwing dies!
There is a stone staircase leading up here.
HP restored.
You fly upwards.
There is a stone staircase leading down here.
Aiming: Dig
Press: ? - help, Shift-Dir - straight line A rock wall.
This square is covered in magical glow.
The rock shatters into small pieces.
Cenhelm is no longer moving quickly.
There is a stone staircase leading up here.
You fly upwards.
There is a stone staircase leading down here.
Magic restored.
There is a staircase leading out of the dungeon here.
You have escaped!

####### #####
#.....########...#
#.#..............#
#.#.##.######.##.#
#.#.##.#..R.#.##.#
#.#.##.#.##.#.##.#
#.#.##.#.#R.#.##.#
#.#.##.#.#@.#.##.#
##...##.#.####.##.####
##....##.#............#
#........#######...##.#
#..........#
#..####.###
#..........####.##
#...##
#............##.###
###..#
#........>.#......###
##.#
##.........######...##
#.####


You could see the friendly Cenhelm the battlemage.

Vanquished Creatures
  A seraph (D:4)
  3 ancient liches
  2 dread liches
  2 orbs of fire (Zot:5)
  Mara (Vaults:5)
  Mennas (Vaults:5)
  Boris (twice) (Crypt:2 Vaults:5)
  Vv (Zot:1)
  Bai Suzhen (Vaults:5)
  8 Killer Klowns (Zot:5)
  2 curse toes
  6 golden dragons
  Jory (Vaults:5)
  A bone dragon (Crypt:2)
  2 doom hounds (Crypt:3)
  A hellephant (Depths:3)
  2 electric golems
  A pandemonium lord (D:12)
  Grunn (Crypt:3)
  2 liches
  A Hell Sentinel (Zot:1)
  9 tentacled monstrosities
  5 quicksilver dragons
  A deep elf master archer (Elf:3)
  15 Orb Guardians
  A deep elf blademaster (Elf:3)
  An Ice Fiend (D:12)
  A walking frostbound tome (Depths:1)
  13 acid blobs
  An Executioner (Abyss:2)
  6 death cobs
  5 ancient champions
  A tentacled starspawn (Abyss:2)
  A tengu reaver (Depths:3)
  8 shadow dragons
  4 sphinxes
  8 draconian monks
  A revenant (WizLab)
  31 slime creatures
  11 storm dragons
  4 draconian knights
  A daeva (D:4)
  5 rockslimes
  2 deep elf sorcerers (Elf:3)
  An iron dragon (Depths:3)
  6 fire giants
  10 vault wardens
  2 curse skulls
  3 imperial myrmidons (Desolation)
  An orc warlord (Vaults:1)
  4 draconian scorchers
  2 emperor scorpions (Spider:4)
  3 frost giants
  6 azure jellies
  3 draconian shifters
  A deep elf elementalist (Elf:3)
  3 ghost moths
  6 reapers
  2 spriggan defenders (Depths:3)
  9 ironbound preservers
  A juggernaut skeleton (Crypt:1)
  A broodmother (Spider:4)
  7 quicksilver oozes
  6 very ugly things
  5 ironbound thunderhulks
  4 vampire knights
  3 war gargoyles
  7 black draconians
  5 stone giants
  2 deep elf annihilators (Elf:3)
  3 halazid warlocks
  A putrid mouth (Hell)
  7 yellow draconians
  4 deep elf demonologists
  10 green draconians
  8 white draconians
  6 dire elephants
  6 red draconians
  5 entropy weavers
  An iron golem (Hell)
  2 spark wasps
  5 purple draconians
  8 ettins
  A crystal guardian (Vaults:4)
  3 merfolk javelineers
  8 fire dragons
  A deep elf death mage (Elf:3)
  A green death (D:3)
  2 jiangshi
  7 merfolk impalers
  4 deep elf high priests
  6 yaktaur captains
  6 great orbs of eyes
  13 vault guards
  5 hydras
  Erolcha (D:11)
  A salamander tyrant (Depths:3)
  An ice dragon (shapeshifter) (Vaults:5)
  6 peacekeepers
  A rakshasa (Depths:1)
  4 ice dragons
  2 servants of whispers (Desolation)
  A spriggan air mage (Depths:2)
  An ogre mage (Vaults:5)
  16 centaur warriors
  7 ironbound frosthearts
  3 boulder beetles
  A jorogumo (Spider:4)
  13 dancing weapons
  4 deep troll shamans
  A merfolk aquamancer (Shoals:2)
  4 two-headed ogres
  3 radroaches
  An alligator snapping turtle (Shoals:4)
  3 tengu warriors
  A satyr (Shoals:3)
  A hell hog (Hell)
  2 orc high priests (Orc:2)
  11 death yaks
  5 deep troll earth magi
  2 vampire magi
  An Orb Guardian skeleton (Crypt:1)
  A titan skeleton (Crypt:3)
  4 soul eaters
  2 sun demons (Hell)
  A shadow wraith (WizLab)
  A wretched star (Abyss:2)
  An emperor scorpion zombie (Crypt:2)
  A pharaoh ant (Spider:4)
  4 deep elf knights
  3 iron trolls
  2 death drakes
  13 skeletal warriors
  3 flayed ghosts
  A sun moth (Spider:4)
  17 ironbound convokers
  A cherub (D:4)
  2 glowing orange brains (Depths:3)
  A shadow demon (D:15)
  8 orb spiders
  An orange crystal statue (Zot:5)
  A steelbarb worm (Spider:1)
  6 sea snakes
  26 deep trolls
  A swamp dragon (Lair:5)
  3 wizards
  6 deep elf archers
  4 phantasmal warriors
  A spectral wolf spider (WizLab)
  3 lindwurms
  4 orc knights
  4 necromancers
  6 ugly things
  A spriggan simulacrum (Hell)
  9 harpies
  11 deep elf pyromancers
  An orc sorcerer (Elf:3)
  11 deep elf zephyrmancers
  10 wolf spiders
  3 shining eyes
  6 fauns
  2 human zombies
  A sphinx skeleton (Vaults:3)
  A stone giant zombie (Vaults:1)
  A salamander (Depths:4)
  2 manticores
  A manticore (shapeshifter) (Depths:3)
  An apocalypse crab (Shoals:2)
  4 cyclopes
  5 elephants
  15 moths of wrath
  3 merfolk sirens
  A shadow dragon skeleton (Vaults:3)
  A black mamba (Lair:2)
  A molten gargoyle (Hell)
  2 water nymphs
  2 stone giant skeletons (Vaults:3)
  An eye of devastation (Slime:5)
  4 smoke demons
  A naga mage (Depths:4)
  9 vault sentinels
  An orange demon (Depths:2)
  8 cane toads
  A gargoyle (D:10)
  4 demonic crawlers
  14 yaktaurs
  4 rime drakes
  5 torpor snails
  A hellion (Depths:2)
  2 tengu conjurers
  2 yaktaur zombies
  A tormentor (Abyss:2)
  An iron troll zombie (Crypt:3)
  A red draconian skeleton (Crypt:2)
  5 komodo dragons
  A hellwing (Depths:2)
  A yaktaur skeleton (Vaults:3)
  A queen bee (Lair:1)
  A harpy zombie (WizLab)
  16 merfolk
  4 human skeletons
  2 polar bears
  2 tyrant leeches (Lair:5)
  2 wind drakes
  A meliai (Spider:2)
  7 saltlings (Desolation)
  7 hornets
  5 trolls
  10 tarantellas
  13 blink frogs
  7 snapping turtles
  3 dream sheep (Lair:5)
  A small abomination (D:12)
  A raiju (shapeshifter) (Depths:3)
  2 spriggan zombies
  9 jumping spiders
  2 large abominations
  A flying skull (Crypt:3)
  3 wyverns
  A guardian serpent skeleton (Crypt:3)
  A ynoxinul (Abyss:2)
  11 culicivoras
  An elf zombie (Vaults:1)
  A spriggan (Bailey)
  An air elemental (Elf:1)
  5 humans (D:14)
  4 wraiths
  2 hogs (Shoals:1)
  6 water elementals
  26 yaks
  2 vampires
  A basilisk (Depths:4)
  A fire elemental (Elf:3)
  2 steam dragons
  3 neqoxecs (Abyss:2)
  A golden eye (Slime:1)
  23 redbacks
  A warg (Orc:1)
  Edmund (D:6)
  A naga zombie (Crypt:1)
  2 acid dragons
  11 water moccasins
  2 glowing shapeshifter skeletons (Vaults:3)
  A harpy simulacrum (Hell)
  A water nymph skeleton (Crypt:2)
  A floating eye (Depths:2)
  12 orc warriors
  An ettin simulacrum (Hell)
  2 ice beasts (D:7)
  A sky beast (D:8)
  A fire dragon simulacrum (Hell)
  2 black bears
  4 ogres
  A black mamba simulacrum (Crypt:1)
  2 centaurs
  A kobold brigand (D:7)
  A phantom (D:4)
  10 bullfrogs
  6 battlemagi
  A salamander zombie (Crypt:1)
  3 scorpions
  An earth elemental (Depths:4)
  2 wights (D:4)
  20 killer bees
  2 electric eels (D:11)
  4 howler monkeys
  4 hounds
  4 jellies
  17 orc priests
  3 gnoll boudas
  4 iguanas
  12 orc wizards
  A tengu zombie (Crypt:1)
  2 ancestors
  20 gnolls
  8 adders
  3 shadow imps
  A steam dragon skeleton (Crypt:1)
  An ufetubus (D:6)
  4 worms
  3 dart slugs
  58 orcs
  14 ball pythons
  7 endoplasms
  4 giant cockroaches
  6 goblins
  7 hobgoblins
  2 jackals (D:2)
  9 kobolds
  2 quokkas
  A ball python (shapeshifter) (Vaults:5)
  8 bats
  A butterfly zombie (Crypt:3)
  3 frilled lizards
  A hobgoblin skeleton (Crypt:2)
  4 rats
1298 creatures vanquished.

Vanquished Creatures (collateral kills)
  the Royal Jelly (Slime:5)
  Tiamat (Zot:2)
  4 dread liches
  An ancient lich (Vaults:5)
  Boris (Crypt:1)
  Parghit (Zot:2)
  Margery (Depths:3)
  Frederick (Depths:3)
  4 Killer Klowns
  Geryon (Hell)
  3 golden dragons
  2 curse toes
  A profane servitor (D:7)
  A doom hound (Crypt:3)
  4 electric golems
  Jorgrun (Elf:2)
  8 tentacled monstrosities
  A Hell Sentinel (D:11)
  A tainted leviathan (Hell)
  12 Orb Guardians
  2 liches
  2 quicksilver dragons (Zot:3)
  2 titans (Vaults:5)
  8 acid blobs
  A deep elf blademaster (Elf:3)
  4 ancient champions
  A deep elf master archer (Elf:3)
  An Executioner (D:7)
  A tentacled starspawn (Abyss:2)
  A death cob (Zot:4)
  Kirke (Shoals:1)
  3 tengu reavers
  10 draconian monks
  9 shadow dragons
  7 storm dragons
  5 azure jellies
  2 draconian knights
  4 revenants
  An emperor scorpion (Spider:4)
  2 rockslimes
  5 frost giants
  2 iron dragons
  4 draconian scorchers
  5 draconian shifters
  6 deep elf sorcerers
  An orc warlord (Orc:2)
  A spectral caustic shrike (WizLab)
  3 fire giants
  6 vault wardens
  4 ghost moths
  4 deep elf elementalists (Elf:3)
  2 draconian stormcallers (Zot:4)
  7 draconian annihilators
  10 very ugly things
  12 stone giants
  3 ghouls
  3 quicksilver oozes
  3 ironbound thunderhulks
  3 reapers
  4 broodmothers
  11 ironbound preservers
  A lorocyproca (D:11)
  4 deep elf demonologists
  A war gargoyle (Vaults:4)
  5 vampire knights
  15 dire elephants
  An elemental wellspring (Hell)
  4 putrid mouths
  16 purple draconians
  8 white draconians
  8 green draconians
  A spark wasp (Spider:2)
  A wendigo (Hell)
  11 black draconians
  4 entropy weavers
  3 halazid warlocks
  14 red draconians
  9 yellow draconians
  4 deep elf annihilators (Elf:3)
  2 crystal guardians
  3 fire dragons
  A green death (Hell)
  6 ettins
  3 eidola
  An iron golem (Hell)
  7 deep elf death magi
  A spectral quicksilver dragon (WizLab)
  2 merfolk javelineers (Shoals:4)
  4 jiangshi
  4 deep elf high priests
  2 ragged hierophants (Desolation)
  2 boulder beetles
  4 yaktaur captains (Vaults:5)
  2 hydras
  3 quicksilver dragon zombies
  3 merfolk impalers
  2 salamander tyrants (Depths:3)
  19 vault guards
  6 great orbs of eyes
  A rakshasa (Depths:3)
  A juggernaut simulacrum (Crypt:3)
  4 ice dragons
  A fenstrider witch skeleton (Crypt:1)
  10 servants of whispers (Desolation)
  2 ogre magi
  A hell beast (D:12)
  A merfolk avatar (Shoals:4)
  2 ironbound frosthearts
  A merfolk aquamancer (Shoals:2)
  3 spriggan air magi (Depths:2)
  2 catoblepae
  7 centaur warriors
  A two-headed ogre (D:11)
  4 deep troll shamans (Depths:2)
  3 tengu warriors
  3 death knights
  4 death yaks (Lair:5)
  4 deep troll earth magi
  6 vampire magi
  2 hell hogs
  2 titan zombies
  15 dancing weapons
  A thrashing horror (Abyss:2)
  4 orc high priests
  7 hell knights
  4 soul eaters
  17 deep elf knights
  2 titan skeletons
  2 shadow wraiths (WizLab)
  2 sixfirhies
  A pharaoh ant (Spider:1)
  2 salamander mystics (Depths:4)
  9 skeletal warriors
  25 deep trolls
  2 iron trolls
  3 bunyip zombies
  A spark wasp zombie (Crypt:2)
  7 flayed ghosts
  5 orb spiders
  An orange crystal statue (Zot:5)
  7 sea snakes
  2 glowing orange brains
  A spectral wolf spider (WizLab)
  A bunyip skeleton (Crypt:3)
  9 ironbound convokers
  6 wizards
  4 steelbarb worms
  A ghost moth zombie (Crypt:2)
  3 bog bodies (Crypt:1)
  14 phantasmal warriors
  6 deep elf archers
  4 orc knights
  2 anaconda skeletons
  16 harpies
  A goliath frog zombie (Crypt:1)
  6 lindwurms
  25 deep elf pyromancers
  A jorogumo zombie (Crypt:3)
  15 deep elf zephyrmancers
  11 necromancers
  4 oklob plants
  2 stone giant zombies
  A fenstrider witch simulacrum (Crypt:1)
  6 manticores
  2 orc sorcerers
  4 shining eyes
  7 fauns
  8 wolf spiders
  A faun (shapeshifter) (Vaults:5)
  18 moths of wrath
  17 ugly things
  2 cyclopes
  A human skeleton (Vaults:3)
  A worldbinder (Abyss:2)
  2 torpor snails
  A shadow dragon skeleton (Vaults:3)
  4 elephants (Lair:3)
  A fire giant zombie (Crypt:3)
  3 salamanders (Depths:4)
  A rust devil (Depths:1)
  2 stone giant skeletons
  A frost giant skeleton (Vaults:3)
  A fire giant skeleton (Vaults:3)
  A black mamba (Lair:5)
  2 apocalypse crabs
  A guardian serpent (Desolation)
  7 water nymphs
  2 molten gargoyles (Hell)
  13 vault sentinels
  4 smoke demons
  2 eyes of devastation
  5 merfolk sirens
  An orange demon (Depths:2)
  A centaur skeleton (Crypt:2)
  A purple draconian zombie (Crypt:1)
  4 cane toads
  4 hellions (Hell)
  15 yaktaurs
  A dire elephant skeleton (Crypt:3)
  A demonic crawler (Hell)
  An unseen horror (D:11)
  5 komodo dragons
  An efreet (D:14)
  4 rime drakes
  A steelbarb worm zombie (Crypt:3)
  A swamp worm zombie (Crypt:2)
  3 ancient zymes (Abyss:2)
  A hellwing (D:3)
  A minotaur skeleton (Crypt:1)
  2 freezing wraiths
  An ice devil (Depths:2)
  A white draconian skeleton (Crypt:2)
  A tengu conjurer (Depths:2)
  2 red devils
  A yaktaur skeleton (Vaults:3)
  A death drake zombie (Crypt:1)
  A troll (Orc:1)
  4 meliai
  A tengu simulacrum (Vaults:1)
  13 blink frogs
  19 merfolk
  A meliai (shapeshifter) (D:14)
  13 hornets
  2 tyrant leeches (Lair:5)
  A harpy skeleton (Crypt:3)
  3 harpy zombies
  7 wind drakes
  7 tarantellas
  5 snapping turtles
  59 slime creatures
  2 raiju (Abyss:2)
  A hornet (shapeshifter) (D:15)
  37 saltlings (Desolation)
  A culicivora zombie (Crypt:3)
  A snapping turtle (shapeshifter) (Vaults:5)
  A human simulacrum (Vaults:1)
  8 dream sheep
  12 jumping spiders
  A spriggan zombie (WizLab)
  A fire dragon skeleton (Crypt:2)
  4 culicivoras
  14 flying skulls
  2 large abominations
  A shadow (D:11)
  A wyvern (Lair:3)
  A ynoxinul (D:5)
  15 water elementals
  A centaur simulacrum (Crypt:1)
  2 air elementals
  7 wraiths
  5 basilisks
  2 fire elementals
  4 hogs (Shoals:1)
  26 yaks
  3 chaos spawn
  15 humans (D:14)
  23 redbacks
  A neqoxec (Depths:2)
  3 wargs
  A glowing shapeshifter zombie (Vaults:1)
  A naga (shapeshifter) (Vaults:5)
  An acid dragon (Lair:5)
  3 hell hounds (D:15)
  11 water moccasins
  2 floating eyes
  11 orc warriors
  4 ogres
  A boggart (Vaults:4)
  A centaur (D:8)
  A dream sheep skeleton (Crypt:1)
  4 earth elementals
  6 bullfrogs
  6 necrophages
  2 wights (D:4)
  6 small abominations (Abyss:2)
  An oklob sapling (D:11)
  14 killer bees
  5 howler monkeys
  3 jellies (Lair:4)
  8 orc priests
  13 orc wizards
  4 gnolls
  3 adders (D:11)
  A white imp (Abyss:2)
  34 orcs
  3 ball pythons (D:11)
  2 endoplasms (Lair:4)
  A hobgoblin (D:12)
  2 jackals (D:11)
  A kobold (D:12)
  A bush (D:11)
1383 creatures vanquished.

Vanquished Creatures (others)
  A fire giant (Depths:1)
  A ghost moth (Spider:2)
  A draconian stormcaller (Zot:1)
  A sun demon (Hell)
  A hell hog (Hell)
  A deep elf zephyrmancer (Elf:1)
  A moth of wrath (Zot:1)
  A rust devil (Hell)
  A merfolk (Shoals:4)
  A saltling (Desolation)
  A jumping spider (Spider:2)
  A water elemental (Elf:1)
  2 killer bees
  A small abomination (Abyss:2)
  93 battlemagi
  5 ancestors
  4 bushes (D:10)
  47 fungi
  143 plants
  4 starspawn tentacles (Abyss:2)
311 creatures vanquished.

Grand Total: 2992 creatures vanquished

Notes
Turn   | Place    | Note
-------+----------+-------------------------------------------
     0 | D:1      | sleeves the Naga Hedge Wizard began the quest for the Orb.
     0 | D:1      | Reached XP level 1. HP: 15/15 MP: 4/4
    89 | D:1      | HP: 7/15 [giant cockroach (1)]
   288 | D:1      | CougarLife: rough
   292 | D:1      | CougarLife: and you almost just die to a cockroach
   293 | D:1      | CougarLife: nice
   323 | D:1      | Reached XP level 2. HP: 19/22 MP: 0/6
   517 | D:1      | Reached skill level 2 in Conjurations
  1200 | D:2      | Reached skill level 4 in Stealth
  1200 | D:2      | CougarLife: worms are scary man
  1200 | D:2      | Reached XP level 3. HP: 17/28 MP: 1/7
  1325 | D:2      | CougarLife: they hit hard for no fuckin reason
  1503 | D:2      | CougarLife: ur bold for lettin one walk up on you like that
  1512 | D:2      | CougarLife: he very well could have killed you
  1652 | D:2      | CougarLife: bro you keep playin with these worms on d2
  1666 | D:2      | CougarLife: ur gonna fall over
  1666 | D:2      | CougarLife: to a worm
  1666 | D:2      | sleeves: they are slow
  1812 | D:2      | CougarLife: adders are scarier than worms
  1814 | D:2      | CougarLife: ur gambling rn
  1814 | D:2      | sleeves: i got rp
  2125 | D:2      | CougarLife: oh fr?
  2130 | D:2      | Reached XP level 4. HP: 36/36 MP: 4/8
  2130 | D:2      | sleeves: yeah naga
  2130 | D:2      | CougarLife: is that innate to naga?
  2130 | D:2      | sleeves: has rp
  2130 | D:2      | CougarLife: oh shit
  2171 | D:2      | CougarLife: thats nice
  2248 | D:2      | Found a faded altar of an unknown god.
  2250 | D:2      | Reached skill level 5 in Stealth
  2323 | D:2      | You fall into a shaft and drop 1 floor!
  2385 | D:4      | Reached skill level 3 in Conjurations
  2446 | D:4      | Found a glowing drain.
  2481 | D:4      | Learned a level 2 spell: Blink
  2536 | Sewer    | Entered a sewer
  2537 | Sewer    | sleeves: yeah
  2537 | Sewer    | sleeves: this isnt happening lol
  2795 | D:3      | Reached XP level 5. HP: 42/42 MP: 4/9
  2881 | D:3      | Reached skill level 6 in Stealth
  3026 | D:3      | CougarLife: what happened
  3026 | D:3      | sleeves: o my loord
  3026 | D:3      | CougarLife: oh boy thats a death squad
  3026 | D:3      | CougarLife: good luck
  3026 | D:3      | sleeves: i think im dead
  3026 | D:3      | CougarLife: i mean prolly yeah
  3028 | D:3      | CougarLife: go down the stairs
  3028 | D:3      | CougarLife: only option
  3032 | D:3      | HP: 17/42 [gnoll/+0 club (6)]
  3254 | D:4      | CougarLife: saved
  3359 | D:3      | Learned a level 3 spell: Mephitic Cloud
  3450 | D:3      | HP: 21/42 [quokka (3)]
  4119 | D:3      | Reached skill level 4 in Conjurations
  4119 | D:3      | Reached skill level 1 in Poison Magic
  4119 | D:3      | Reached XP level 6. HP: 39/49 MP: 7/10
  4206 | D:3      | HP: 18/49 [orc wizard/puff of flame (11)]
  4208 | D:3      | Reached skill level 2 in Poison Magic
  4425 | D:3      | HP: 20/49 [gnoll/+0 halberd (8)]
  4633 | D:3      | Reached skill level 7 in Stealth
  4894 | D:4      | Noticed a black bear
  4898 | D:4      | Killed a black bear
  4899 | D:4      | Reached skill level 3 in Poison Magic
  5715 | D:5      | Entered Level 5 of the Dungeon
  5783 | D:5      | Reached XP level 7. HP: 55/55 MP: 11/11
  5789 | D:5      | CougarLife: do you work in the tech industry
  5792 | D:5      | sleeves: i do
  5794 | D:5      | CougarLife: i knew it
  5794 | D:5      | HP: 27/55 [poisoned by a scorpion]
  5796 | D:5      | sleeves: why cuz i play dcss
  5799 | D:5      | HP: 21/55 [poisoned by a scorpion]
  6006 | D:5      | CougarLife: nah mostly cuz you can play while at work
  6009 | D:5      | CougarLife: or rather while on the clock
  6016 | D:5      | Reached skill level 8 in Stealth
  6016 | D:5      | sleeves: yeaaaah
  6180 | D:5      | Reached skill level 5 in Conjurations
  6180 | D:5      | Reached skill level 4 in Poison Magic
  6306 | D:5      | Found a broken altar of Ashenzari.
  6451 | D:5      | CougarLife: you prolly dont do dev work, if you do you have
                  | a lull rn in terms of pace. assuming youre some sort of
                  | lead or manager or higher up in some company
  6451 | D:5      | sleeves: im not
  6451 | D:5      | CougarLife: do you do dev work?
  6451 | D:5      | sleeves: yeah i am a swe
  6451 | D:5      | CougarLife: holy fuck how do you have time to play lol
  6451 | D:5      | sleeves: i just graduated university in december
  6451 | D:5      | sleeves: lol
  6451 | D:5      | CougarLife: oh shit
  6451 | D:5      | CougarLife: wait a min how old are you
  6451 | D:5      | sleeves: my team/company is super chill...
  6451 | D:5      | sleeves: i started college later
  6451 | D:5      | CougarLife: oh whew
  6451 | D:5      | sleeves: im just turned 299
  6451 | D:5      | sleeves: 29
  6462 | D:5      | CougarLife: accidentally closed tab
  6469 | D:5      | CougarLife: thought i was like a year or two older than you
                  | for a sec lol was gonna freak out
  6550 | D:5      | CougarLife: cuz i aint got shit goin on in life
  6572 | D:5      | sleeves: i didnt either
  6572 | D:5      | sleeves: until i went back to school
  6823 | D:5      | HP: 22/55 [gnoll/+0 flail (7)]
  6828 | D:5      | HP: 13/55 [gnoll/+0 flail (11)]
  7152 | D:5      | CougarLife: playin with fire with these gnolls man
  7152 | D:5      | sleeves: i need to get xp somehow
  7152 | D:5      | CougarLife: theyre as dangerous as hydras are in lair when
                  | you get there
  7198 | D:5      | CougarLife: holy fuck lmao
  7260 | D:6      | CougarLife: you have a gnoll death squad on every fucking
                  | floor man
  7260 | D:6      | sleeves: just camping
  7632 | D:3      | HP: 25/55 [gnoll/+0 halberd (5)]
  7633 | D:3      | HP: 9/55 [gnoll/+0 halberd (13)]
  7635 | D:3      | sleeves: gg
  7885 | D:4      | sleeves: rekt
  8722 | D:6      | Reached skill level 5 in Poison Magic
  8874 | D:6      | Reached XP level 8. HP: 53/62 MP: 12/12
  8939 | D:6      | Reached skill level 9 in Stealth
  9036 | D:6      | Noticed Edmund
  9045 | D:6      | Killed Edmund
  9238 | D:6      | Reached skill level 6 in Conjurations
  9242 | D:6      | HP: 23/62 [shadow imp/nerve-wracking pain (12)]
  9473 | D:6      | Found a shadowy altar of Dithmenos.
  9475 | D:6      | Found a blossoming altar of Fedhas.
  9658 | D:7      | Reached skill level 10 in Stealth
  9806 | D:7      | Identified the ring "Jorr" {Will+ rCorr Str-3 Dex+10
                  | Stlth-}
  9836 | D:7      | Reached skill level 7 in Conjurations
  9869 | D:7      | Found a flagged portal.
  9936 | Bailey   | Entered a bailey
  9942 | Bailey   | Noticed a spriggan
  9943 | Bailey   | sleeves: do i do this
  9949 | Bailey   | Killed a spriggan
  9958 | Bailey   | sleeves: lmao o my lord this vault is fucked
 10186 | D:6      | Learned a level 3 spell: Conjure Flame
 10234 | D:7      | Found a staircase to the Ecumenical Temple.
 10243 | Temple   | Entered the Ecumenical Temple
 10444 | Temple   | CougarLife: brb
 10444 | Temple   | CougarLife: fuck man
 10444 | Temple   | CougarLife: grandma watchin a western
 10444 | Temple   | CougarLife: at midnight
 10444 | Temple   | CougarLife: hope i dont get yelled at for letting her watch
                  | it lol
 10444 | Temple   | sleeves: whats wrong with her watching it lol
 10444 | Temple   | CougarLife: shes got memory problems and had a stroke
                  | earlier this year
 10444 | Temple   | CougarLife: she goes to a day center every morning
 10444 | Temple   | CougarLife: think the memory issues are early alzheimers
 10444 | Temple   | sleeves: oh so exciting movies are bad?
 10444 | Temple   | CougarLife: no shes just up late lol
 10444 | Temple   | sleeves: oo
 10444 | Temple   | CougarLife: like really late
 10444 | Temple   | CougarLife: she also doesnt like...turn the tv off herself
 10471 | Temple   | Became a worshipper of Hepliaklqana the Forgotten
 10513 | D:7      | sleeves: thats interesting
 10513 | D:7      | sleeves: lol
 10513 | D:7      | sleeves: so u gotta turn it off?
 10642 | D:7      | CougarLife: i mean when my stepdad forgets to and it goes
                  | on this long yeah
 10642 | D:7      | CougarLife: i dont wanna just cut her off mid show lol
 10647 | D:7      | CougarLife: have to talk to him more about it, its his mom
 10652 | D:7      | Reached skill level 4 in Spellcasting
 10652 | D:7      | Reached skill level 8 in Conjurations
 10652 | D:7      | Reached XP level 9. HP: 64/68 MP: 13/15
 10656 | D:7      | sleeves: yeah idk i wouldnt cut it off either
 10687 | D:7      | Reached * piety under Hepliaklqana
 10688 | D:7      | sleeves: what should i name this mans
 10803 | D:7      | CougarLife: hmmm
 10905 | D:7      | CougarLife: idk im not good with names
 10939 | D:8      | Noticed a hornet
 10950 | D:8      | Killed a hornet
 10964 | D:8      | Reached skill level 5 in Spellcasting
 10966 | D:8      | sleeves: hm think they changed hep a bit
 10966 | D:8      | sleeves: i dont remember recall using mana
 11082 | D:8      | Noticed an oklob plant
 11082 | D:8      | Noticed an oklob plant
 11085 | D:7      | CougarLife: yeah i was lookin at it earlier after you
                  | mentioned it and did not like it
 11099 | D:7      | CougarLife: cool premise does not seem fun to em
 11099 | D:7      | CougarLife: me
 11099 | D:7      | sleeves: i like it
 11135 | D:7      | CougarLife: i think i solely enjoy zugging with oka lol
 11143 | D:7      | CougarLife: that being said i have not experienced high end
                  | caster shit so
 11162 | D:7      | Reached skill level 9 in Conjurations
 11162 | D:7      | sleeves: i also hated/had no experience with casters for a
                  | long time
 11162 | D:7      | sleeves: but once i learned it it can be fun
 11162 | D:7      | sleeves: nothing like dropping firestorm
 11544 | D:8      | Reached skill level 6 in Spellcasting
 11726 | D:8      | Found an ornate altar of the Wu Jian Council.
 12096 | D:9      | Noticed a hornet
 12101 | D:9      | Paralysed by a hornet for 2 turns
 12104 | D:9      | Killed a hornet
 12105 | D:9      | Reached XP level 10. HP: 48/67 MP: 13/20
 12305 | D:9      | Reached skill level 10 in Conjurations
 12357 | D:9      | Noticed a centaur warrior
 12682 | D:9      | Reached skill level 7 in Spellcasting
 12788 | D:9      | Noticed a two-headed ogre
 12892 | D:10     | Entered Level 10 of the Dungeon
 13034 | D:10     | HP: 33/67 [troll (11)]
 13218 | D:10     | Reached skill level 8 in Spellcasting
 13383 | D:10     | Noticed a gargoyle
 13496 | D:9      | CougarLife: im gonna do some zug runs
 13496 | D:9      | CougarLife: cuz im bored
 13496 | D:9      | CougarLife: and havent done any for a while
 13496 | D:9      | CougarLife: see if i cant get farther with new knowledge
 13496 | D:9      | sleeves: okay
 13496 | D:9      | sleeves: im kinda stuck here lol
 13496 | D:9      | sleeves: this dungeon is rough
 13496 | D:9      | CougarLife: just kill shit
 13496 | D:9      | sleeves: wish i could
 13496 | D:9      | CougarLife: did you clear all floors above
 13496 | D:9      | sleeves: hm guess there are wights
 13496 | D:9      | CougarLife: better than nothin
 13496 | D:9      | sleeves: but they aer also hard for me
 13496 | D:9      | CougarLife: o yeah you cant poison them
 13496 | D:9      | CougarLife: or anything
 13496 | D:9      | sleeves: i need this book
 13496 | D:9      | CougarLife: yheah dont do that
 13496 | D:9      | CougarLife: whats in that room
 13496 | D:9      | CougarLife: bees
 13496 | D:9      | sleeves: very bad things
 13496 | D:9      | sleeves: the wraith
 13496 | D:9      | sleeves: 2 headed ogre
 13496 | D:9      | CougarLife: yeah not good
 13501 | D:9      | Learned a level 4 spell: Petrify
 13683 | D:4      | sleeves: ok my dude slaps people tho
 13691 | D:4      | sleeves: oops
 13699 | D:4      | CougarLife: holy fuck
 13724 | D:4      | CougarLife: hobgoblin with a +6 slay ringmail on
 13725 | D:4      | CougarLife: on d2
 13725 | D:4      | sleeves: jesus
 13725 | D:4      | CougarLife: motherfucker almost killed me
 13745 | D:4      | Reached skill level 1 in Earth Magic
 13990 | D:8      | Found the +6 shillelagh "Devastator" {shatter}
 14095 | D:9      | Identified a scroll of acquirement
 14100 | D:9      | Acquired the +1 barding "Vebib" {rN+}
 14175 | D:10     | Reached skill level 9 in Spellcasting
 14175 | D:10     | Reached skill level 2 in Earth Magic
 14332 | D:10     | Reached skill level 3 in Earth Magic
 14389 | D:10     | sleeves: oh shit lets go
 14389 | D:10     | sleeves: my boi is a beat
 14389 | D:10     | sleeves: beast
 14453 | D:10     | Reached skill level 4 in Earth Magic
 14459 | D:10     | Reached XP level 11. HP: 72/72 MP: 13/24
 14684 | D:9      | sleeves: hes also retarded
 14684 | D:9      | CougarLife: whathappened
 14684 | D:9      | sleeves: i can kill wraiths
 14684 | D:9      | sleeves: but he wont listen to me
 14684 | D:9      | sleeves: he walks into the fire
 14684 | D:9      | sleeves: and kills himself
 15027 | D:9      | Killed a two-headed ogre
 15028 | D:9      | Reached skill level 10 in Spellcasting
 15028 | D:9      | Reached skill level 5 in Earth Magic
 15036 | D:9      | sleeves: risk it for the biscuit
 15048 | D:9      | Learned a level 3 spell: Stone Arrow
 15291 | D:10     | Found a staircase to the Lair.
 15357 | D:10     | Reached skill level 6 in Earth Magic
 15393 | D:10     | HP: 29/72 [gargoyle/stone arrow (9)]
 15783 | D:10     | Reached ** piety under Hepliaklqana
 15784 | D:10     | Remembered your ancestor Cenhelm as a battlemage
 16029 | D:11     | Noticed a two-headed ogre
 16129 | D:11     | Noticed a two-headed ogre
 16164 | D:11     | Noticed a cyclops
 16177 | D:11     | Noticed a boulder beetle
 16220 | Lair:1   | Entered Level 1 of the Lair of Beasts
 16232 | Lair:1   | Reached skill level 1 in Fighting
 16232 | Lair:1   | Reached skill level 1 in Invocations
 16360 | Lair:1   | Reached skill level 7 in Earth Magic
 16364 | Lair:1   | Reached skill level 2 in Invocations
 16364 | Lair:1   | sleeves: they changed how hep ancestor ai works
 16364 | Lair:1   | sleeves: and i dont likeit
 16483 | Lair:1   | CougarLife: unfortunate
 16483 | Lair:1   | Acquired a book of Iron
 16513 | Lair:1   | Reached skill level 2 in Fighting
 16760 | Lair:1   | Reached *** piety under Hepliaklqana
 17038 | Lair:1   | Reached skill level 11 in Spellcasting
 17125 | Lair:1   | Reached XP level 12. HP: 86/86 MP: 21/27
 17280 | Lair:1   | Reached skill level 11 in Stealth
 17280 | Lair:1   | Reached skill level 3 in Invocations
 17284 | Lair:1   | CougarLife: uh thats a death room
 17290 | Lair:1   | CougarLife: ur fuckin around and ur about to find out
 17295 | Lair:1   | Reached skill level 3 in Fighting
 17296 | Lair:1   | sleeves: deah room for them
 17301 | Lair:1   | CougarLife: naw ur gonna get fucked
 17307 | Lair:1   | CougarLife: ok nvm
 17433 | Lair:1   | CougarLife: was that meph cloud?
 17433 | Lair:1   | sleeves: yea
 17433 | Lair:1   | sleeves: its seriously op
 17459 | Lair:1   | CougarLife: good for lair at the least
 17461 | Lair:2   | sleeves: all game
 17461 | Lair:2   | sleeves: except late
 17461 | Lair:2   | sleeves: i guess
 17461 | Lair:2   | sleeves: like past 4-5 runes it sucks
 17515 | Lair:2   | Noticed a seven-headed hydra
 17627 | Lair:2   | sleeves: oh
 17627 | Lair:2   | sleeves: yeah
 17627 | Lair:2   | sleeves: just camp my stairs
 17627 | Lair:2   | CougarLife: lol
 17627 | Lair:2   | sleeves: he wasnt there before
 17627 | Lair:2   | CougarLife: hydra kinda spooky
 17708 | Lair:2   | Killed a seven-headed hydra
 17709 | Lair:2   | Reached skill level 4 in Invocations
 18191 | Lair:2   | Reached skill level 4 in Fighting
 18244 | Lair:2   | Reached skill level 8 in Earth Magic
 18265 | Lair:2   | Reached skill level 12 in Stealth
 18458 | Lair:2   | sleeves: this fkn guy
 18458 | Lair:2   | sleeves: keeps waking htem up
 18465 | Lair:2   | Reached skill level 5 in Invocations
 18608 | Lair:2   | Identified the +7 hand axe of Royalism {drain, Int+6
                  | Stlth-}
 19035 | Lair:3   | Noticed a seven-headed hydra
 19038 | Lair:3   | Reached skill level 5 in Fighting
 19042 | Lair:3   | Killed a seven-headed hydra
 19154 | Lair:3   | Reached **** piety under Hepliaklqana
 19159 | Lair:3   | Found a staircase to the Shoals.
 19193 | Lair:3   | Gained mutation: You can use your snake-like lower body to
                  | constrict enemies. [Naga growth]
 19193 | Lair:3   | Reached XP level 13. HP: 98/98 MP: 21/28
 19240 | Lair:3   | Reached skill level 13 in Stealth
 19240 | Lair:3   | Reached skill level 6 in Invocations
 19509 | Lair:3   | Reached skill level 9 in Earth Magic
 19598 | Lair:3   | Reached skill level 12 in Spellcasting
 19816 | Lair:3   | Found a hole to the Spider Nest.
 20103 | Lair:4   | Reached skill level 6 in Fighting
 20676 | Lair:4   | Reached skill level 7 in Invocations
 20834 | Lair:4   | Reached skill level 14 in Stealth
 21022 | Lair:4   | Found a runed translucent door.
 21026 | Lair:4   | Found a staircase to the Slime Pits.
 21709 | Lair:5   | Entered Level 5 of the Lair of Beasts
 21882 | Lair:4   | Reached skill level 7 in Fighting
 22103 | Lair:5   | Reached XP level 14. HP: 110/110 MP: 19/30
 22119 | Lair:5   | Reached skill level 8 in Invocations
 22134 | Lair:5   | Reached skill level 10 in Earth Magic
 22517 | Lair:5   | Reached skill level 15 in Stealth
 22641 | Lair:5   | Reached ***** piety under Hepliaklqana
 22826 | Lair:5   | Reached skill level 6 in Short Blades
 22826 | Lair:5   | Reached XP level 15. HP: 116/116 MP: 22/31
 23643 | Lair:5   | Learned a level 6 spell: Iron Shot
 23648 | Lair:5   | Learned a level 4 spell: Animate Armour
 23920 | D:9      | HP: 46/118 [centaur warrior/arrow (15)]
 24410 | D:11     | Reached skill level 8 in Fighting
 24715 | D:11     | Reached skill level 9 in Invocations
 24780 | D:11     | Noticed Erolcha
 24794 | D:11     | Killed Erolcha
 24803 | D:11     | Reached skill level 13 in Spellcasting
 24868 | D:11     | Found a staircase to the Orcish Mines.
 26008 | D:12     | Found an iron altar of Okawaru.
 26133 | D:12     | Found Rogojud's Assorted Antiques.
 26146 | D:12     | Bought a vibrating glass ring for 115 gold pieces
 26146 | D:12     | Identified the ring of Daamn {rC+ rCorr Str+2 Int+4} (You
                  | bought it in a shop on level 12 of the Dungeon)
 26146 | D:12     | Bought a scroll of enchant armour for 172 gold pieces
 26627 | D:13     | Reached skill level 11 in Earth Magic
 27532 | D:14     | Reached skill level 9 in Fighting
 27742 | D:14     | Found Kuwibex's Armour Boutique.
 27883 | D:14     | Reached skill level 10 in Invocations
 27955 | D:14     | Found a gate to the Vaults.
 28289 | D:14     | Reached skill level 11 in Conjurations
 28289 | D:14     | Reached XP level 16. HP: 122/129 MP: 9/33
 29241 | Lair:5   | Found a runed translucent door.
 29880 | Lair:5   | Reached skill level 12 in Earth Magic
 29926 | Lair:5   | Reached skill level 10 in Fighting
 30985 | Orc:1    | Entered Level 1 of the Orcish Mines
 31462 | Orc:1    | Reached ****** piety under Hepliaklqana
 31538 | Orc:2    | Entered Level 2 of the Orcish Mines
 31864 | Orc:2    | Found a staircase to the Elven Halls.
 32411 | Orc:2    | Learned a level 6 spell: Dispersal
 32527 | Orc:2    | Found Zuqamn's Antique Weapon Shoppe.
 32527 | Orc:2    | Found Kahammieci's Antique Weapon Shoppe.
 32528 | Orc:2    | Found Pikk's Antique Weapon Emporium.
 32532 | Orc:2    | Found Soamisurch's Magic Scroll Emporium.
 32557 | Orc:2    | Bought a scroll of teleportation for 48 gold pieces
 32748 | Orc:2    | Found Zisuagacal's Book Shoppe.
 33055 | Orc:2    | Reached skill level 12 in Conjurations
 33279 | Orc:2    | Reached skill level 2 in Translocations
 33523 | D:15     | Entered Level 15 of the Dungeon
 33613 | D:15     | Reached skill level 1 in Shields
 33622 | D:15     | Reached skill level 3 in Translocations
 33721 | D:15     | Identified Roxanne's Opusculum on Geology
 33721 | D:15     | Noticed Roxanne
 33899 | D:15     | Found a staircase to the Depths.
 33905 | D:15     | Reached skill level 2 in Shields
 34213 | D:14     | Reached skill level 4 in Translocations
 34240 | D:15     | Reached skill level 3 in Shields
 34564 | D:14     | Reached skill level 5 in Translocations
 34916 | D:14     | Reached skill level 4 in Shields
 35817 | Spider:1 | Entered Level 1 of the Spider Nest
 35955 | Lair:3   | Learned a level 4 spell: Leda's Liquefaction
 35961 | Lair:3   | Learned a level 5 spell: Irradiate
 35966 | Spider:1 | HP: 61/131 [radroach (39)]
 36258 | Spider:1 | Reached skill level 6 in Translocations
 36323 | Spider:1 | Reached skill level 5 in Shields
 37266 | Spider:1 | Reached XP level 17. HP: 119/137 MP: 22/34
 37595 | Spider:1 | Reached skill level 7 in Translocations
 37879 | Spider:2 | Reached skill level 6 in Shields
 38472 | Spider:2 | HP: 65/137 [spark wasp (16)]
 38475 | Spider:2 | Reached skill level 8 in Translocations
 38867 | Spider:2 | Reached skill level 7 in Shields
 40100 | Spider:3 | CougarLife: it is 4 am, bed time
 40102 | Spider:3 | CougarLife: gl brother
 40102 | Spider:3 | sleeves: cya
 40102 | Spider:3 | sleeves: ty
 40140 | Spider:3 | Reached skill level 8 in Shields
 41064 | Spider:3 | Reached skill level 9 in Shields
 41081 | Spider:3 | Paralysed by a hornet for 3 turns
 41482 | Spider:4 | Entered Level 4 of the Spider Nest
 42075 | Spider:4 | Reached skill level 10 in Shields
 43059 | Spider:4 | Reached skill level 11 in Shields
 43563 | Spider:4 | Reached XP level 18. HP: 119/144 MP: 6/35
 43783 | Spider:4 | Got a gossamer rune of Zot
 43991 | Shoals:1 | Entered Level 1 of the Shoals
 43998 | Shoals:1 | Reached skill level 12 in Shields
 44303 | Shoals:1 | Found the +5 sword of Power {vorpal}
 44730 | Shoals:1 | You fall into a shaft and drop 1 floor!
 44914 | Shoals:2 | Identified the +10 scale mail of Hide-and-Seek {Will+ Str+4
                  | Int-4}
 44980 | Shoals:2 | Reached skill level 13 in Shields
 45576 | Shoals:2 | Found a runed translucent door.
 45588 | Shoals:2 | Found a corrupted altar of Lugonu.
 45591 | Shoals:2 | Found a one-way gate to the infinite horrors of the Abyss.
 45701 | Shoals:1 | Identified the +1 pair of boots of Levity {Harm rC+ Int+4}
 45770 | Shoals:1 | Noticed Kirke
 45871 | Shoals:1 | Killed Kirke
 46475 | Shoals:3 | Reached skill level 14 in Shields
 46666 | Shoals:3 | Identified the +1 ring mail of the Miller {rN+ rCorr Str+5
                  | Dex+2}
 47386 | Shoals:4 | Entered Level 4 of the Shoals
 47459 | Shoals:4 | Found a flickering gateway to a bazaar.
 47475 | Bazaar   | Entered a bazaar
 47527 | Bazaar   | Found Mud Xumpea's Jewellery Boutique.
 47527 | Bazaar   | Found Kux Lyon's Magic Scroll Boutique.
 47529 | Bazaar   | Found Zyliklak's General Store.
 47532 | Bazaar   | Found Tofup's Magic Scroll Boutique.
 47543 | Bazaar   | Found Rykhoxih's Jewellery Boutique.
 47549 | Bazaar   | Found Uluudgh's Assorted Antiques.
 47587 | Bazaar   | Bought the ring "Cylihec" {Drain rElec EV+4 Dex+8} for 856
                  | gold pieces
 47587 | Bazaar   | Bought the ring "Ygit" {rC++ Will+ rCorr Str+6} for 1003
                  | gold pieces
 47598 | Bazaar   | Bought a scroll of teleportation for 33 gold pieces
 47598 | Bazaar   | Bought a scroll of teleportation for 33 gold pieces
 47598 | Bazaar   | Bought a scroll of enchant weapon for 82 gold pieces
 47606 | Bazaar   | Bought a scroll of enchant weapon for 112 gold pieces
 47606 | Bazaar   | Bought a scroll of enchant weapon for 112 gold pieces
 47606 | Bazaar   | Bought a scroll of teleportation for 45 gold pieces
 47613 | Bazaar   | Bought a scroll of teleportation for 84 gold pieces
 47613 | Bazaar   | Bought a potion of heal wounds for 140 gold pieces
 47908 | Shoals:4 | Reached skill level 15 in Shields
 48075 | Shoals:4 | Identified the +5 shortbow of Putidgh {flame, Fragile rC+
                  | rN++ rCorr}
 48413 | Shoals:4 | Identified the +1 scimitar of an ice cave {drain, rN+
                  | Dex+2}
 48667 | Shoals:4 | Got the Quarto of Beguiling
 48800 | Shoals:4 | Reached XP level 19. HP: 129/151 MP: 31/36
 49022 | Shoals:4 | Got a barnacled rune of Zot
 49260 | Vaults:1 | Entered Level 1 of the Vaults
 49269 | Vaults:1 | Reached skill level 16 in Shields
 49270 | Vaults:1 | HP: 59/151 [ironbound thunderhulk/bolt of lightning (31)]
 50784 | Vaults:1 | Reached skill level 9 in Translocations
 51369 | Vaults:1 | Found Amed's Antique Armour Shop.
 51875 | Vaults:1 | Reached skill level 13 in Earth Magic
 51934 | Vaults:1 | HP: 65/151 [slime creature (12)]
 51947 | Vaults:1 | HP: 67/151 [ironbound convoker/+0 great mace[a vault
                  | warden] (2)]
 52479 | Vaults:1 | Found Usabutorch's Distillery.
 52652 | Vaults:1 | Found Xyan's Magic Scroll Shoppe.
 53096 | Vaults:1 | Reached skill level 13 in Conjurations
 53221 | Vaults:2 | Reached skill level 10 in Translocations
 53541 | Vaults:2 | Reached skill level 14 in Spellcasting
 54161 | Vaults:2 | Reached XP level 20. HP: 158/158 MP: 34/38
 54488 | Vaults:2 | Reached skill level 17 in Shields
 54550 | Vaults:2 | Found Roneir's Jewellery Shoppe.
 56167 | Vaults:3 | Reached skill level 18 in Shields
 56552 | Vaults:3 | Identified the +0 robe of Patience {rPois rC- Int+2 SInv}
 58462 | Vaults:3 | Found Dezot's Antique Weapon Boutique.
 58804 | Vaults:3 | Found a staircase to the Crypt.
 59123 | Vaults:3 | Reached skill level 15 in Spellcasting
 59492 | Vaults:4 | Reached skill level 19 in Shields
 59511 | Vaults:4 | Reached XP level 21. HP: 158/164 MP: 22/40
 60369 | Vaults:4 | Got the Compilation of Glacial Blasts
 60871 | Vaults:4 | Reached skill level 20 in Shields
 62407 | Elf:1    | Entered Level 1 of the Elven Halls
 63144 | Elf:1    | Reached skill level 11 in Translocations
 63145 | Elf:1    | HP: 77/164 [deep elf high priest/damnation (35)]
 63146 | Elf:1    | Reached skill level 14 in Earth Magic
 63666 | Elf:1    | Found a runed translucent gate.
 63666 | Elf:1    | Found a runed translucent gate.
 63666 | Elf:1    | Found a runed translucent gate.
 63666 | Elf:1    | Found a runed translucent gate.
 63666 | Elf:1    | Found a runed translucent gate.
 63668 | Elf:1    | Found a runed translucent gate.
 63859 | Elf:1    | Paralysed by an air elemental for 1 turns
 64143 | Elf:1    | Found a large runed translucent door.
 64143 | Elf:1    | Found a large runed translucent door.
 64143 | Elf:1    | Noticed Wawnuurphamadgh's ghost (adept DrCj)
 64178 | Elf:1    | Reached skill level 14 in Conjurations
 64488 | Elf:1    | CougarLife: beat his ass
 64488 | Elf:1    | sleeves: kinda scary
 64488 | Elf:1    | sleeves: and loot not worth lol
 64488 | Elf:1    | sleeves: ill pass
 64509 | Elf:2    | CougarLife: coward
 64721 | Elf:2    | sleeves: this guy is so op tho lol
 64721 | Elf:2    | sleeves: hasted mage
 64721 | Elf:2    | sleeves: with lajatang of freezing
 64721 | Elf:2    | sleeves: bolt of magma
 64729 | Elf:2    | Found a huge runed translucent gate.
 64729 | Elf:2    | Found a huge runed translucent gate.
 64729 | Elf:2    | Found a huge runed translucent gate.
 64729 | Elf:2    | Found a huge runed translucent gate.
 64729 | Elf:2    | Found a huge runed translucent gate.
 64783 | Elf:2    | Reached XP level 22. HP: 171/171 MP: 37/41
 64805 | Elf:2    | Found a crumbling gateway.
 64818 | Desolati | Entered the Desolation of Salt
 65094 | Desolati | Got the Tome of a Thousand Bounties
 65096 | Desolati | Got the Omnibus of Floating Evolution
 65219 | Desolati | CougarLife: thats indeed pretty spooky
 65219 | Desolati | CougarLife: this side branch is really cool
 65219 | Desolati | CougarLife: i like it
 65220 | Abyss:2  | Cast into level 2 of the Abyss (servant of whispers)
 65221 | Abyss:2  | CougarLife: good loot too
 65221 | Abyss:2  | CougarLife: OH NOP
 65227 | Abyss:2  | CougarLife: good luck
 65228 | Abyss:2  | sleeves: its okay
 65228 | Abyss:2  | sleeves: im stealthy
 65228 | Abyss:2  | CougarLife: copium
 65233 | Abyss:2  | sleeves: i rarely die in here
 65249 | Abyss:2  | sleeves: 12 tps
 65262 | Abyss:2  | sleeves: also this guy will kill everyone lol
 65562 | Abyss:2  | sleeves: ooh god
 65604 | Abyss:2  | Reached skill level 12 in Translocations
 65660 | Abyss:2  | Gained mutation: Your body sometimes deteriorates upon
                  | taking damage. [a neqoxec]
 65779 | Desolati | Escaped the Abyss
 65869 | Desolati | Identified the +3 leather armour "Entadd" {Fly rElec MP-9
                  | Stlth-}
 65925 | Desolati | Identified the +7 battleaxe of Zuommeex {flame, *Noise
                  | rN+++ Dex-2 Stlth+}
 65975 | Desolati | Reached skill level 15 in Earth Magic
 66001 | Desolati | Identified the +1 pair of boots "Husaeddastu" {+Blink
                  | Dex+3}
 66396 | Elf:2    | Reached skill level 15 in Conjurations
 66720 | Elf:2    | Noticed Jorgrun
 66724 | Elf:2    | Killed Jorgrun
 67068 | Elf:2    | Reached skill level 13 in Translocations
 67360 | Elf:3    | Entered Level 3 of the Elven Halls
 68442 | Elf:3    | Reached skill level 16 in Earth Magic
 68487 | Elf:3    | Identified the +10 dagger of Mastery {speed, rF+ rC+ Int+2}
 68645 | Elf:3    | sleeves: hole e
 68672 | Elf:3    | Reached skill level 16 in Conjurations
 68679 | Elf:3    | Reached XP level 23. HP: 178/178 MP: 21/42
 68799 | Elf:3    | Identified the +5 flail "Nahes" {freeze, Drain rC+ Dex+2
                  | Stlth+}
 68832 | Elf:3    | Identified the +2 robe of Benopt {rC- Dex+5}
 68877 | Elf:3    | CougarLife: just killed 2 vault guards in a bailey on d7
                  | lol
 68986 | Elf:3    | CougarLife: trfi is nuts
 68986 | Elf:3    | CougarLife: i dont have oka yet either
 68986 | Elf:3    | sleeves: rsiky business
 69025 | Elf:3    | CougarLife: in it to win it baby
 69115 | Elf:3    | Identified the ring "Rugum" {Fire Dex+2}
 69250 | Elf:3    | Got the Compilation of the Storm
 69337 | Elf:3    | Found the +15 Maxwell's patent armour {-Cast -Tele rElec
                  | Will+ rCorr}
 69638 | Orc:2    | Bought a manual of Conjurations for 880 gold pieces
 69754 | D:14     | Bought the +1 robe of the Known World {+Inv rF++ rN+ Int-2}
                  | for 520 gold pieces
 69857 | Depths:1 | Entered Level 1 of the Depths
 70110 | Depths:1 | Found Zin's Purification Station.
 70113 | Depths:1 | Found a glowing silver altar of Zin.
 70158 | Depths:1 | Found a magical portal.
 70174 | WizLab   | Entered Borgnjor's Mausoleum
 70283 | WizLab   | Reached skill level 17 in Conjurations
 70402 | WizLab   | Reached skill level 17 in Earth Magic
 70504 | WizLab   | CougarLife: also my temple didnt have oka in it
 70523 | WizLab   | CougarLife: kinda pissed
 70622 | WizLab   | sleeves: rip
 70622 | WizLab   | CougarLife: altar should spawn somewhere in the dungeon
 70622 | WizLab   | CougarLife: if its not in temple iirc
 70622 | WizLab   | sleeves: idk i think so
 70622 | WizLab   | CougarLife: ill brb need to shower
 71115 | WizLab   | HP: 78/179 [halazid warlock/bolt of cold (17)]
 71141 | WizLab   | sleeves: oh
 71141 | WizLab   | sleeves: thats interesting
 71141 | WizLab   | sleeves: notify_dgn_event: Lua error: [string
                  | "global_prelude"]:339: attempt to index local 'mon' (a nil
                  | value)
 71360 | WizLab   | Got Borgnjor's Vellum of the Mausoleum
 71468 | Depths:1 | Found a one-way gate leading to the halls of Pandemonium.
 71482 | Depths:1 | Learned a level 8 spell: Lehudib's Crystal Spear
 71814 | Depths:1 | Found a gateway to Hell.
 71907 | Depths:1 | Found Amaos's Antique Armour Boutique.
 72555 | Depths:2 | Reached skill level 16 in Stealth
 72790 | Depths:2 | Reached skill level 18 in Conjurations
 73457 | Depths:2 | Reached skill level 11 in Fighting
 74288 | Depths:2 | Found a one-way gateway to a ziggurat.
 74432 | Depths:2 | Reached XP level 24. HP: 134/189 MP: 21/42
 74896 | Depths:3 | Noticed Margery
 74925 | Depths:3 | Killed Margery
 75060 | Depths:3 | Reached skill level 17 in Stealth
 75340 | Depths:3 | Found a sparkling altar of Nemelex Xobeh.
 75671 | Depths:3 | Found Terpham's General Store.
 75675 | Depths:3 | Found Laegec's Book Shoppe.
 75676 | Depths:3 | Found Coef's Antique Weapon Emporium.
 75969 | Depths:3 | Reached skill level 19 in Conjurations
 76038 | Depths:3 | Reached skill level 18 in Earth Magic
 76310 | Depths:3 | Identified the ring of Fokaka Vogo {Ice Will- Int+4 Dex+2
                  | Slay+3}
 76310 | Depths:3 | Noticed Josephina
 76471 | Depths:3 | Noticed Frederick
 76478 | Depths:3 | Killed Frederick
 76890 | Depths:3 | Reached skill level 12 in Fighting
 77306 | Depths:4 | Entered Level 4 of the Depths
 77329 | Depths:2 | Identified the +3 quarterstaff "Komnoabb" {freeze, rElec}
 77405 | Depths:4 | Reached skill level 18 in Stealth
 78593 | Depths:4 | Reached skill level 20 in Conjurations
 78935 | Depths:4 | Reached skill level 19 in Stealth
 79179 | Depths:4 | Got the Compilation of Spelunking
 79190 | Depths:4 | Learned a level 9 spell: Shatter
 79366 | Depths:4 | Reached skill level 13 in Fighting
 80023 | Depths:4 | Reached skill level 19 in Earth Magic
 80025 | Depths:4 | Reached XP level 25. HP: 191/202 MP: 21/42
 80224 | Depths:4 | Found a gate to the Realm of Zot.
 80234 | Depths:4 | CougarLife: what the fuck is that lua
 80234 | Depths:4 | sleeves: idk
 80234 | Depths:4 | sleeves: it happened in the wiz lab
 80705 | Crypt:1  | Entered Level 1 of the Crypt
 80940 | Crypt:1  | Reached skill level 20 in Earth Magic
 81146 | Crypt:1  | Noticed Boris
 81162 | Crypt:1  | Killed Boris
 82150 | Crypt:2  | Noticed Boris
 82155 | Crypt:2  | Killed Boris
 82497 | Crypt:2  | Reached skill level 21 in Earth Magic
 83213 | Crypt:2  | Found a transporter.
 83546 | Crypt:3  | Entered Level 3 of the Crypt
 83584 | Crypt:3  | Noticed Grunn
 83584 | Crypt:3  | Noticed a dread lich
 83588 | Crypt:2  | Killed a dread lich
 84409 | Crypt:3  | Reached skill level 22 in Earth Magic
 84471 | Crypt:3  | Found a staircase to the Tomb.
 84526 | Crypt:3  | Found the +8 Vampire's Tooth {vamp}
 84625 | Crypt:3  | Killed Grunn
 85006 | Crypt:3  | Noticed a dread lich
 85340 | Crypt:3  | Killed a dread lich
 85349 | Crypt:3  | Identified the ring of Boet {rPois rN+ Stlth+}
 85349 | Crypt:3  | Noticed a dread lich
 85349 | Crypt:3  | Noticed an ancient lich
 85351 | Crypt:3  | Identified the +6 dagger of Acusiwae {antimagic, Str+4}
 85353 | Crypt:3  | Killed an ancient lich
 85356 | Crypt:3  | Killed a dread lich
 85357 | Crypt:3  | Reached XP level 26. HP: 185/210 MP: 7/42
 85421 | Crypt:3  | Identified the +7 dagger of Expedience {drain, rN+ Str+3}
 85422 | Crypt:3  | Identified the +8 dagger of Ryciethra {pain, MP+9 Str+2
                  | Dex+4}
 85860 | D:11     | Got the Handbook of Nature
 86233 | Slime:1  | Entered Level 1 of the Pits of Slime
 86284 | Slime:1  | Reached skill level 23 in Earth Magic
 88603 | Slime:5  | Entered Level 5 of the Pits of Slime
 88856 | Slime:5  | Reached skill level 24 in Earth Magic
 89055 | Slime:5  | Noticed the Royal Jelly
 89085 | Slime:5  | Killed the Royal Jelly
 89086 | Slime:5  | HP: 94/210 [cloud of flame (25)]
 89093 | Slime:4  | HP: 79/210 [acid blob[the Royal Jelly] (32)]
 89489 | Slime:5  | Got the Incunable of the Baleful Squall
 89491 | Slime:5  | Got a slimy rune of Zot
 89499 | Slime:5  | Identified the +1 ring mail of Slovenliness {Dex+5}
 89529 | Slime:5  | Identified the +5 chain mail of the Hurricane {Regen+ Int+2
                  | Stlth+}
 89537 | Slime:5  | Identified the +1 ring mail of Loss {rCorr MP-9 Int+4}
 90086 | Zot:1    | Entered Level 1 of the Realm of Zot
 90914 | Vaults:5 | Entered Level 5 of the Vaults
 90917 | Vaults:5 | Identified the +8 long sword "Nacun" {vorpal, Str+3}
 90961 | Vaults:5 | Noticed Jory
 90963 | Vaults:5 | Noticed a dread lich
 91078 | Vaults:5 | Identified the amulet "Taatun" {Acrobat -Tele Harm rN+
                  | Dex+2}
 91184 | Vaults:5 | Noticed Mennas
 91197 | Vaults:5 | HP: 104/210 [Mennas/+0 sacred scourge of holy wrath (10)]
 91201 | Vaults:5 | Killed Mennas
 91309 | Vaults:5 | Killed Jory
 91310 | Vaults:5 | Reached skill level 25 in Earth Magic
 91650 | Vaults:5 | Noticed an ancient lich
 91658 | Vaults:5 | Killed an ancient lich
 91659 | Vaults:5 | Reached skill level 16 in Spellcasting
 91743 | Vaults:5 | HP: 101/210 [fire giant/+1 great sword of flaming (10)]
 92033 | Vaults:5 | Noticed Mara
 92036 | Vaults:5 | Killed Mara
 92037 | Vaults:5 | Reached XP level 27. HP: 216/216 MP: 27/43
 92042 | Vaults:5 | Noticed Bai Suzhen
 92125 | Vaults:5 | Noticed a dread lich
 92130 | Vaults:5 | HP: 108/216 [dread lich (2)]
 92135 | Vaults:5 | HP: 103/216 [dread lich (7)]
 92137 | Vaults:5 | Killed a dread lich
 92138 | Vaults:5 | Reached skill level 17 in Spellcasting
 92149 | Vaults:5 | Identified the +3 leather armour of Watchfulness {+Inv
                  | rElec}
 92150 | Vaults:5 | HP: 101/216 [vault sentinel/bolt (10)]
 92165 | Vaults:5 | HP: 95/216 [deep elf high priest/divine providence (11)]
 92173 | Vaults:5 | Identified the +8 spear of Jukiaff {freeze, Fly Str+4 SInv
                  | Stlth+}
 92266 | Vaults:5 | Noticed Boris
 92273 | Vaults:5 | Killed Boris
 92367 | Vaults:5 | Killed a dread lich
 92616 | Vaults:5 | Identified the amulet "Penay" {Reflect Fly rN++ Int-2 SH+5}
 92764 | Vaults:5 | Reached skill level 18 in Spellcasting
 92770 | Vaults:5 | Killed Bai Suzhen
 93246 | Vaults:5 | Identified the ring of Daqest {*Corrode Fly MP+9 Int+4}
 93439 | Vaults:5 | Got the Monograph on the Compass
 93602 | Vaults:5 | Reached skill level 1 in Armour
 93679 | Vaults:5 | Got a silver rune of Zot
 93797 | Vaults:5 | Reached skill level 2 in Armour
 94155 | Vaults:5 | Found the +8 arc blade {discharge, rElec}
 94474 | Hell     | Entered the Vestibule of Hell
 94474 | Hell     | Noticed Geryon
 94488 | Hell     | Killed Geryon
 94489 | Hell     | Reached skill level 3 in Armour
 94498 | Hell     | HP: 108/216 [hellion/damnation (15)]
 94503 | Depths:1 | HP: 93/216 [poisoned by a putrid mouth (dark miasma)]
 95446 | Hell     | Found a gateway to the ashen valley of Gehenna.
 95530 | Hell     | Found a gateway to the Iron City of Dis.
 95598 | Hell     | Found a gateway to the decaying netherworld of Tartarus.
 95600 | Hell     | Reached skill level 19 in Spellcasting
 95978 | Hell     | Found a gateway to the freezing wastes of Cocytus.
 96120 | Geh:1    | Entered Level 1 of Gehenna
 96643 | Zot:1    | Noticed Vv
 96648 | Zot:1    | Killed Vv
 97593 | Zot:1    | Identified the +1 cloak of the Worm {rElec Str+3 Int+3
                  | Dex-5}
 98518 | Zot:2    | Reached skill level 26 in Earth Magic
 98524 | Zot:2    | Reached skill level 20 in Spellcasting
 98835 | Zot:2    | You are sucked into a shaft and drop 1 floor!
 98858 | Zot:3    | HP: 108/216 [purple draconian shifter/bolt of dispelling
                  | energy[a green draconian monk] (23)]
 99250 | Zot:2    | Found the +4 dragonskin cloak
 99250 | Zot:2    | Noticed Tiamat
100139 | Zot:3    | Reached skill level 27 in Earth Magic
100361 | Zot:3    | Reached skill level 4 in Armour
100929 | Zot:3    | Reached skill level 5 in Armour
101432 | Zot:2    | Killed Tiamat
101433 | Zot:2    | Reached skill level 6 in Armour
101435 | Zot:2    | HP: 107/216 [acid (4)]
101446 | Zot:2    | HP: 74/216 [purple draconian shifter/bolt of dispelling
                  | energy[Tiamat] (37)]
102252 | Zot:2    | Noticed Parghit
102261 | Zot:2    | Killed Parghit
102554 | Zot:3    | Reached skill level 7 in Armour
102556 | Zot:3    | Reached skill level 21 in Conjurations
103257 | Zot:4    | Reached skill level 8 in Armour
103270 | Zot:4    | CougarLife: zugged too hard lol
103277 | Zot:4    | CougarLife: is ok tho
103277 | Zot:4    | CougarLife: that was a fun zug run
103277 | Zot:4    | sleeves: rip
103277 | Zot:4    | CougarLife: need to eat
103299 | Zot:4    | Reached skill level 20 in Stealth
103843 | Zot:4    | Reached skill level 9 in Armour
103846 | Zot:4    | CougarLife: ill try some more serious trfi runs prolly in a
                  | few days
103849 | Zot:4    | CougarLife: need a breal
103924 | Zot:4    | CougarLife: break
103977 | Zot:4    | sleeves: okay
103977 | Zot:4    | CougarLife: ill be watchin tho
103977 | Zot:4    | sleeves: yeah dcss is rough
103984 | Zot:4    | CougarLife: ehh im just burning out
104040 | Zot:4    | Reached skill level 14 in Fighting
104299 | Zot:4    | Identified the +9 great mace of Tolerox {flame, Stlth+}
104421 | Zot:4    | Reached skill level 10 in Armour
104895 | Zot:5    | Entered Level 5 of the Realm of Zot
105700 | Zot:5    | Noticed an ancient lich
105700 | Zot:5    | Noticed a dread lich
105705 | Zot:5    | Killed a dread lich
105711 | Zot:5    | Killed an ancient lich
105797 | Zot:5    | Reached skill level 11 in Armour
106197 | Zot:5    | Noticed an orb of fire
106206 | Zot:5    | Killed an orb of fire
106207 | Zot:5    | Reached skill level 15 in Fighting
106446 | Zot:5    | Reached skill level 12 in Armour
106633 | Zot:5    | Noticed an orb of fire
106640 | Zot:5    | Killed an orb of fire
106747 | Zot:5    | Lost mutation: Your body sometimes deteriorates upon taking
                  | damage. [potion of mutation]
106747 | Zot:5    | Gained mutation: You have a pair of small horns on your
                  | head. [potion of mutation]
106747 | Zot:5    | Lost mutation: You have a pair of small horns on your head.
                  | [potion of mutation]
106747 | Zot:5    | Gained mutation: You have a pair of small horns on your
                  | head. [potion of mutation]
106748 | Zot:5    | Lost mutation: You have a pair of small horns on your head.
                  | [potion of mutation]
106748 | Zot:5    | Gained mutation: Your tail ends in a venomous barb. [potion
                  | of mutation]
106748 | Zot:5    | Gained mutation: You are partially covered in iridescent
                  | scales. (AC +2) [potion of mutation]
107139 | Zot:5    | Reached skill level 21 in Shields
107141 | Zot:5    | Noticed an ancient lich
107146 | Zot:5    | Killed an ancient lich
107505 | Zot:5    | Got the Orb of Zot
107813 | D:13     | Noticed Boris
107816 | D:12     | Noticed Amietul the pandemonium lord
107823 | D:12     | Killed Amietul the pandemonium lord
107848 | D:12     | Reached skill level 22 in Shields
108086 | D:4      | Noticed a seraph
108091 | D:4      | Killed a seraph
108193 | D:$      | Escaped with the Orb!

Illustrated notes

Levels and vault maps discovered:
D:1:      zelgadis_glass_arrival_small, layout_rooms
D:2:      layout_basic, shapermc_ecumenical_altar_starsandcircs,
          chequers_arboretum, nicolae_kite_square_tiling_tiny
D:3:      cheibrodos_helix_gallery, layout_basic
D:4:      layout_basic, cheibrodos_sewer_entry_drain
D:5:      nicolae_cairo_tiling_very_big, layout_loops_ring,
          nicolae_ashenzari_panopticon, serial_bayou_pond_d
D:6:      layout_basic, nicolae_overflow_hidden_temple, uniq_edmund
D:7:      layout_rooms, minmay_temple_entry_drinking_statues, enter_bailey_3,
          dreamdust_princess_corridor
D:8:      layout_rooms, nicolae_wu_jian_wuxing_cycle, disabler_island
D:9:      layout_cave_pods, serial_bayou_pond_e, minmay_misc_feat_ornament
D:10:     layout_roguey, minmay_lair_entry_grove
D:11:     layout_big_octagon, orc_0_dummy, serial_column_ruins,
          column_ruins_hut_ruined, column_ruins_columns_corner,
          column_ruins_corridor_corner, column_ruins_grid_3,
          column_ruins_grid_2, column_ruins_columns_straight,
          column_ruins_open_small, kennysheep_small_spiral,
          minmay_strange_pillars, introduction_to_nature_2, uniq_erolcha
D:12:     layout_small_grid, serial_shops, nicolae_lakefront_shop,
          okawaru_altar_gauntlet_db
D:13:     layout_cave_pools
D:14:     layout_stronghold, grunt_vaults_entry_tiered, serial_shops,
          nicolae_shop_crystal, grunt_decor_junction
D:15:     grunt_enter_depths_snipers, layout_rooms,
          nicolae_figureground_sparkle, uniq_roxanne
Temple:   eino_narrow_crystal_temple
Lair:1:   layout_small_grid, special_room [special_room_bee]
Lair:2:   layout_regular_city, nzn_random_ring, infiniplex_staircase_pool
Lair:3:   layout_hall_layers, shoals_dummy_entry, spider_nest_entry_web_field,
          grunt_megastairs_1
Lair:4:   layout_layer_cave, slime_entry_2, grunt_forest_small_clearing_treed
Lair:5:   guppyfry_lair_end_dragon, layout_long_grid, wormcave
Shoals:1: layout_shoals, uniq_kirke
Shoals:2: layout_shoals, nicolae_shoals_abyss_on_the_beach
Shoals:3: cheibrodos_shoals_oceanic_diplomacy, layout_shoals,
          nicolae_shoals_cliffside_cave
Shoals:4: shoals_end_simple, layout_shoals, serial_shops, bzr_entry_islet
Spider:1: nicolae_spider_hilbert_zone_5 [nicolae_spider_hilbert_3_sides_1_open,
          nicolae_spider_hilbert_4_sides_1_open,
          nicolae_spider_hilbert_4_sides_1_open,
          nicolae_spider_hilbert_6_sides_1_open,
          nicolae_spider_hilbert_6_sides_1_open], drop_trap
Spider:2: layout_spider_delve
Spider:3: cheibrodos_spider_silkery, lemuel_hornet_nest
Spider:4: hellmonk_spider_rune_endless_swarm
Slime:1:  layout_caves, special_room [special_room_jelly]
Slime:2:  layout_caves
Slime:3:  cheibrodos_slime_lost_civilization_2, layout_caves
Slime:4:  layout_caves, cheibrodos_slime_lost_civilization_6
Slime:5
Orc:1:    layout_caves
Orc:2:    st_orc_mages, layout_caves, serial_shops, nicolae_shop_crystal,
          minmay_orc_barracks
Elf:1:    eino_elf_arrival_customs, layout_loops_ring,
          ebering_ghost_disaster_area, orc_legates
Elf:2:    elven_hall_of_blades_hangedman_alternative
          [nicolae_blade_entry_sentries_behind_glass], layout_loops_cross,
          portal_desolation_entry_ruin, uniq_jorgrun
Elf:3:    minmay_elf_hall_furrowed, layout_geoelf_grid
Vaults:1: v_misc_14, nicolae_vaults_arrows, grunt_vaults_hallway_long,
          v_rooms_4, ontoclasm_vaults_idyll, nicolae_vaults_little_squares_6,
          vaults_room_grunt_arrival_ludios, layout_vaults_omnigrid,
          serial_shops, shop, nicolae_shop_hallway_stairs, shop
Vaults:2: ontoclasm_vaults_bender, v_rooms_1, nicolae_vaults_hallways_thing,
          v_misc_27, nicolae_vaults_border_crossing, hangedman_vaults_impose,
          v_pattern_2, vaults_mumra_hex, v_alt_pattern_2, vaults_room_pool,
          v_misc_8, vaults_dpeg_cross, layout_vaults_big_room, serial_shops,
          shop
Vaults:3: ontoclasm_vaults_gateway, v_misc_4,
          minmay_crypt_entry_skeletal_spiral, ontoclasm_vaults_claustrophobia,
          v_misc_27, v_rooms_4, v_misc_9, hangedman_vaults_stream, v_misc_11,
          vaults_mumra_chevron, nicolae_vaults_rhombus_6, layout_vaults_ring,
          serial_shops, nicolae_shop_behind_doors
Vaults:4: nicolae_vaults_alarming, vaults_room_hallway, st_spiral_rooms,
          nicolae_vaults_little_squares_5, nicolae_vaults_network_square,
          v_misc_26, ontoclasm_vaults_fault, v_pattern_1, v_misc_8,
          nicolae_vaults_mini_display_case, vaults_room_door_hall,
          ontoclasm_vaults_decontamination, v_misc_23, v_misc_16,
          vaults_room_pool, layout_vaults_omnicross
Vaults:5: uniq_bai_suzhen, uniq_jory, uniq_mara, uniq_mennas
Crypt:1:  layout_catacombs, uniq_boris
Crypt:2:  gammafunk_its_a_trap, layout_misc_corridors, minivault_4
Crypt:3:  david_glass_crypt, layout_gridlike, nicolae_tomb_entry_rubble_hallway,
          corexii_leaking_fountain, uniq_grunn
Depths:1: layout_roguey, infiniplex_enter_wizlab_glasses, pan_entry,
          abyss_entry, nicolae_cairo_tiling_large, serial_shops, shop,
          hell_entry, serial_sigils_hangedman_scratch, zin_purify
Depths:2: minmay_quarter_circles, layout_basic, enter_ziggurat_e,
          grunt_pan_entry_sceptre, pf_vacation_house_of_asmodeus,
          minmay_misc_feat_encased, firewood_loft
Depths:3: minmay_firetagon, layout_gridlike, nemelex_diamond_rough_becter,
          abyss_entry, hell_entry, minmay_the_grid_2x2 [minmay_the_grid_slots,
          minmay_the_grid_large_cup, minmay_the_grid_small_cups,
          minmay_the_grid_prize_inner_circle], minmay_shop_star,
          infiniplex_staircase_diamond, uniq_frederick, uniq_josephina,
          uniq_margery
Depths:4: lemuel_castle_with_subvaults [lemuel_castle_interior_carwin_3],
          layout_basic, hellmouth_1, hangedman_research_geology,
          roderic_lattice_octagonal_star
Hell
Geh:1:    layout_gehenna_pools_triple
Zot:1:    layout_misc_corridors, st_small_dragon_hoard_2, uniq_vv
Zot:2:    layout_misc_corridors, uniq_tiamat, uniq_parghit
Zot:3:    layout_basic, grunt_megastairs_4
Zot:4:    layout_misc_corridors
Zot:5:    layout_cathedral_of_symmetry

Skill      XL: |  1  2  3  4  5  6  7  8  9 10 11 12 13 14 15 16 17 18 19 20 21 22 23 24 25 26 27 |
---------------+----------------------------------------------------------------------------------+-----
Conjurations   | 2 3 4 5 8 9 10 11 12 13 14 16 18 20 21 | 21.0
Stealth        | 4 5 6 7 8 10 12 14 15 16 19 20 | 20.0
Poison Magic   | 1 3 5 |  5.0
Spellcasting   | 4 6 9 11 12 13 14 15 16 20 | 20.0
Earth Magic    | 4 7 8 9 10 11 12 13 14 16 17 19 22 25 27 | 27.0
Fighting       | 2 5 7 9 10 11 13 15 | 15.0
Invocations    | 2 5 7 8 10 | 10.0
Short Blades   | 6 |  6.0
Translocations | 6 8 10 11 13 | 13.0
Shields        | 5 11 15 16 19 20 22 | 22.4
Armour         | 12 | 12.0
Dodging        | |  1.5
Summonings     | |  1.0

Action                   |  1- 3 |  4- 6 |  7- 9 | 10-12 | 13-15 | 16-18 | 19-21 | 22-24 | 25-27 || total
-------------------------+-------+-------+-------+-------+-------+-------+-------+-------+-------++-------
Melee: Dagger            |    41 |    53 |   158 |   119 |   130 |   112 |   276 |   134 |   412 ||  1435
       Punch             |       |       |       |     6 |     2 |     2 |       |       |     1 ||    11
       Constrict         |       |       |       |       |    38 |    52 |   108 |    84 |   112 ||   394
       Staff             |       |       |       |       |     3 |    53 |   175 |   162 |   255 ||   648
       Shillelagh        |       |       |       |       |     1 |     4 |       |       |       ||     5
       Rapier            |       |       |       |       |       |       |       |       |     8 ||     8
 Cast: Magic Dart        |    72 |    87 |   102 |   108 |    12 |     5 |       |       |       ||   386
       Mephitic Cloud    |       |     1 |    43 |    39 |    48 |    87 |    76 |    34 |    29 ||   357
       Blink             |       |       |     5 |       |       |       |       |       |     4 ||     9
       Conjure Flame     |       |       |       |    16 |       |       |       |       |       ||    16
       Stone Arrow       |       |       |       |    66 |   205 |   474 |   296 |   207 |    29 ||  1277
       Petrify           |       |       |       |     2 |       |       |     9 |       |       ||    11
       Iron Shot         |       |       |       |       |       |   127 |   168 |   274 |   369 ||   938
       Animate Armour    |       |       |       |       |       |     3 |     1 |     1 |       ||     5
       Irradiate         |       |       |       |       |       |     2 |     1 |       |       ||     3
       Lehudib's Crystal |       |       |       |       |       |       |       |     1 |   216 ||   217
       Shatter           |       |       |       |       |       |       |       |       |     7 ||     7
       Dispersal         |       |       |       |       |       |       |       |       |     6 ||     6
Invok: Recall Ancestor   |       |       |     1 |    12 |     3 |    23 |     6 |     5 |    27 ||    77
       Ancestor Identity |       |       |     1 |     1 |       |       |       |       |       ||     2
       Ancestor Life: Ba |       |       |       |     1 |       |       |       |       |       ||     1
       Idealise          |       |       |       |       |       |       |     4 |     4 |    15 ||    23
 Abil: Spit Poison       |     4 |    10 |    11 |     1 |       |       |       |       |       ||    26
Evoke: Wand              |       |       |     6 |     1 |       |     1 |       |     1 |    14 ||    23
       Phantom mirror    |       |       |       |       |       |       |       |       |     2 ||     2
       Lightning rod     |       |       |       |       |       |       |       |       |     1 ||     1
  Use: Scroll            |       |       |     6 |    12 |    16 |     8 |     3 |     7 |    34 ||    86
       Potion            |       |       |       |       |     1 |     1 |     1 |       |    29 ||    32
 Stab: Sleeping          |     1 |     6 |     5 |     4 |       |     1 |     1 |     5 |     1 ||    24
       Confused          |       |       |    22 |    16 |    16 |    20 |    36 |    12 |    15 ||   137
       Distracted        |       |       |     1 |     3 |     4 |     6 |     5 |    14 |    34 ||    67
       Invisible         |       |       |       |       |       |       |     2 |       |     2 ||     4
       Petrified         |       |       |       |       |       |       |     1 |       |       ||     1
Armor: Robe              |    21 |    14 |     7 |    71 |    83 |   222 |   161 |    74 |   226 ||   879
       Leather armour    |       |       |    58 |     7 |       |       |       |    28 |       ||    93
       Ring mail         |       |       |       |       |       |       |       |       |    28 ||    28
Dodge: Dodged            |    29 |    30 |    82 |    66 |    43 |   195 |   255 |   164 |   294 ||  1158
       Repelled          |       |       |       |       |       |     3 |     8 |    13 |    29 ||    53
Block: Tower shield      |       |       |       |       |       |   228 |   714 |   530 |  1046 ||  2518
       Reflection        |       |       |       |       |       |       |       |       |    28 ||    28
